 Dungeon Crawl Stone Soup version 0.24-a0-618-ge4662a2d14 (webtiles) character file.

Game seed: 18289360129912562126, levelgen mode: classic

1643279 Artagas the Portalist (level 27, 173/173 HPs)
             Began as a Deep Elf Arcane Marksman on Aug 6, 2019.
             Was a High Priest of Okawaru.
             Escaped with the Orb
             ... and 4 runes on Sept 16, 2019!
             The game lasted 09:19:47 (142356 turns).

Artagas the Portalist (Deep Elf Arcane Marksman)  Turns: 142356, Time: 09:19:48

Health: 173/173    AC: 32    Str: 18    XL:     27
Magic:  50/50      EV: 29    Int: 25    God:    Okawaru [*****.]
Gold:   898        SH:  0    Dex: 15    Spells: 10/68 levels left

rFire    . . .     SeeInvis .   a - +9 longbow (velocity)
rCold    . . .     Gourm    .   (shield currently unavailable)
rNeg     . . .     Faith    .   Q - quicksilver dragon scales
rPois    +         Spirit   +   (helmet restricted)
rElec    +         Reflect  .   U - +2 cloak {+Inv}
rCorr    .         Harm     .   Z - +2 pair of gloves
MR       +++..     Clarity  +   M - +2 pair of boots {run} Stlth ++........Rnd*Tele +
                                R - amulet of guardian spirit
HPRegen  0.38/turn              J - +6 ring of protection
MPRegen  0.32/turn              C - ring of Hunimaar {+Fly rElec AC+1 Str+2 Stlth-}

@: heroism, finesse, quick
A: beak, talons 1, iridescent scales 1, clarity, clever 1, deformed body, poison
resistance, teleportitis 1, wild magic 1
0: Orb of Zot
}: 4/15 runes: decaying, serpentine, slimy, silver
a: Heroism, Finesse, Renounce Religion, Evoke Invisibility, Evoke Flight


You escaped.
You worshipped Okawaru.
Okawaru was extremely pleased with you.
You were not hungry.

You visited 12 branches of the dungeon, and saw 58 of its levels.
You also visited: Trove and Ice Cave.

You collected 9681 gold pieces.
You spent 8783 gold pieces at shops.

Inventory:

Hand Weapons
 a - a +9 longbow of velocity (weapon)
   (Okawaru gifted it to you on level 10 of the Dungeon)
 b - the +3 dagger of Jesuyfyn {pierce, -Tele rC+ MR+}
   (You bought it in a shop on level 4 of the Vaults)

   It inflicts extra damage upon your enemies.
   It protects you from cold.
   It affects your resistance to hostile enchantments.
   It prevents most forms of teleportation.
 m - the +11 dagger "Feamij" {speed, +Rage rElec rF+ Str+3}
   (You found it on level 4 of the Vaults)

   Attacks with this weapon are significantly faster.
   It affects your strength (+3).
   It protects you from fire.
   It insulates you from electricity.
   It lets you go berserk.
Missiles
 N - 879 arrows (quivered) {+5 dblade}
 Y - a throwing net
Armour
 l - the +0 ring mail "Aze Cice" {MR+ MP+9 Dex+2 Stlth-}
   (Okawaru gifted it to you on level 11 of the Dungeon)

   It affects your dexterity (+2).
   It affects your resistance to hostile enchantments.
   It affects your magic capacity (+9).
   It makes you less stealthy.
 n - the +3 salamander hide armour {+Rage rF++}
   (You took it off a deep elf mage on level 3 of the Elven Halls)

   It greatly protects you from fire.
   It lets you go berserk.
 M - a +2 pair of boots of running (worn)
   (You bought it in a shop on level 2 of the Orcish Mines)
 P - the +1 helmet "Dewk" {+Fly rF+ rC+ Str-2}
   (Okawaru gifted it to you on level 4 of the Snake Pit)

   It affects your strength (-2).
   It protects you from fire.
   It protects you from cold.
   It lets you fly.
 Q - quicksilver dragon scales (worn)
   (You found it on level 1 of the Realm of Zot)
 U - a +2 cloak of invisibility (worn)
   (You took it off Maurice on level 8 of the Dungeon)
 Z - a +2 pair of gloves (worn)
   (You found it on level 4 of the Dungeon)
Jewellery
 p - the ring "Ellobium" {rF+ MR+ Str+4 SInv}
   (You found it on level 3 of the Crypt)

   [ring of see invisible]

   It affects your strength (+4).
   It protects you from fire.
   It affects your resistance to hostile enchantments.
   It lets you see invisible.
 u - the ring of Zaomiraq {rC+ rN+ MR+ Dex+4}
   (You took it off a vault warden on level 5 of the Vaults)

   [ring of protection from cold]

   It affects your dexterity (+4).
   It protects you from cold.
   It protects you from negative energy.
   It affects your resistance to hostile enchantments.
 B - the ring of Moodiness {+Inv rPois rF+ rN++ Slay-4}
   (You took it off a deep elf high priest on level 3 of the Elven Halls)

   [ring of protection from fire]

   It affects your accuracy and damage with ranged weapons and melee attacks
   (-4).
   It protects you from fire.
   It protects you from poison.
   It greatly protects you from negative energy.
   It lets you turn invisible.
 C - the ring of Hunimaar (right hand) {+Fly rElec AC+1 Str+2 Stlth-}
   (You bought it in a shop on level 3 of the Vaults)

   [ring of protection]

   It affects your AC (+1).
   It affects your strength (+2).
   It insulates you from electricity.
   It lets you fly.
   It makes you less stealthy.
 J - a +6 ring of protection (left hand)
   (You found it on level 13 of the Dungeon)
 R - an amulet of guardian spirit (around neck)
   (You found it on level 13 of the Dungeon)
Wands
 f - a wand of enslavement (4)
   (You took it off a deep elf mage on level 3 of the Elven Halls)
 v - a wand of digging (2)
   (You bought it in a shop on level 2 of the Orcish Mines)
 y - a wand of iceblast (29)
   (You bought it in a shop on level 1 of the Elven Halls)
 F - a wand of paralysis (23)
   (You found it on level 5 of the Dungeon)
 L - a wand of acid (16)
   (You found it on level 2 of the Lair of Beasts)
 W - a wand of clouds (12)
   (You bought it in a shop on level 2 of the Orcish Mines)
Scrolls
 i - 6 scrolls of immolation
 o - 3 scrolls of amnesia
 r - 8 scrolls of identify
 t - 7 scrolls of teleportation
 z - 7 scrolls of blinking
 D - 5 scrolls of magic mapping
 G - 5 scrolls of fog
 O - 7 scrolls of fear
 S - 3 scrolls of holy word
 V - 4 scrolls of vulnerability
Potions
 d - 6 potions of might
 h - 7 potions of haste
 j - 6 potions of mutation
 k - 9 potions of ambrosia
 q - 20 potions of curing
 s - 12 potions of agility
 w - 6 potions of heal wounds
 x - 2 potions of magic
 A - 4 potions of invisibility
 E - 7 potions of brilliance
 H - 6 potions of flight
 K - 4 potions of resistance
 T - 5 potions of cancellation
Miscellaneous
 c - a lamp of fire
   (You found it on level 4 of the Swamp)
 g - 6 phantom mirrors
 I - 3 boxes of beasts
Comestibles
 e - 6 rations


   Skills:
 - Level 18.0(23.0) Fighting
 - Level 4.1(9.1) Short Blades
 - Level 16.0(21.0) Bows
 - Level 14.0(19.0) Armour
 - Level 22.0(27) Dodging
 - Level 10.0(15.0) Stealth
 - Level 21.0 Spellcasting
 - Level 16.0 Hexes
 - Level 17.0 Charms
 - Level 4.0 Summonings
 - Level 5.0 Necromancy
 + Level 24.5 Translocations
 - Level 4.0 Transmutations
 - Level 4.0 Ice Magic
 - Level 12.0 Invocations
 - Level 11.0 Evocations


You had 10 spell levels left.
You knew the following spells:

 Your Spells              Type           Power        Failure   Level  Hunger
a - Regeneration          Chrm/Necr      #######...   1%          3    None
b - Confuse               Hex            #######.     1%          3    None
c - Song of Slaying       Chrm           #######.     1%          2    None
d - Portal Projectile     Hex/Tloc       ######       1%          3    None
e - Metabolic Englaciati  Hex/Ice        #######...   2%          5    None
f - Blink                 Tloc           N/A          1%          2    None
g - Call Imp              Summ           ######..     1%          2    None
h - Slow                  Hex            #######.     1%          2    None
i - Inner Flame           Hex/Fire       ######..     1%          3    None
j - Yara's Violent Unrav  Hex/Tmut       #######...   2%          5    None
k - Disjunction           Tloc           ########..   1%          8    ######.
l - Corona                Hex            #######      1%          1    None
m - Controlled Blink      Tloc           N/A          1%          8    ######.
n - Dispersal             Tloc           ########..   1%          6    ##.....
o - Cause Fear            Hex            #######...   1%          4    None
p - Apportation           Tloc           ######       1%          1    None

Your spell library contained the following spells:

 Spells                   Type           Power        Failure   Level  Hunger
 Animate Skeleton         Necr           N/A          1%          1    None
 Beastly Appendage        Tmut           ######       1%          1    None
 Confusing Touch          Hex            ######       1%          1    None
 Infusion                 Chrm           ####         1%          1    None
 Pain                     Necr           ####         1%          1    None
 Summon Butterflies       Summ           ######..     1%          1    None
 Ensorcelled Hibernation  Hex/Ice        ######       1%          2    None
 Shroud of Golubria       Chrm/Tloc      ######       1%          2    None
 Sticks to Snakes         Tmut           ######..     1%          2    None
 Swiftness                Chrm/Air       ######..     1%          2    None
 Dazzling Spray           Conj/Hex       ######       1%          3    None
 Gell's Gravitas          Tloc           ########..   1%          3    None
 Lesser Beckoning         Tloc           ########..   1%          3    None
 Recall                   Summ/Tloc      N/A          1%          3    None
 Spectral Weapon          Hex/Chrm       #######.     1%          3    None
 Teleport Other           Tloc           ########     1%          3    None
 Tukima's Dance           Hex            #######.     1%          3    None
 Vampiric Draining        Necr           ######....   1%          3    None
 Force Lance              Conj/Tloc      #######.     1%          4    None
 Fulminant Prism          Conj/Hex       ######....   1%          4    None
 Leda's Liquefaction      Hex/Erth       ######....   1%          4    None
 Darkness                 Hex            #######...   1%          6    ##.....
 Invisibility             Hex            #######.     1%          6    ##.....
 Call Canine Familiar     Summ           ######..     2%          3    None
 Summon Mana Viper        Hex/Summ       #######.     2%          5    None
 Throw Frost              Conj/Ice       #####.       3%          2    None
 Flame Tongue             Conj/Fire      ####.        4%          1    None
 Magic Dart               Conj           ####         4%          1    None
 Shock                    Conj/Air       ####         4%          1    None
 Sting                    Conj/Pois      ####         4%          1    None
 Animate Dead             Necr           N/A          4%          4    None
 Silence                  Hex/Air        ######....   4%          5    None
 Poisonous Vapours        Pois/Air       ####..       5%          2    None
 Searing Ray              Conj           ####..       5%          2    None
 Throw Flame              Conj/Fire      ####..       5%          2    None
 Spider Form              Tmut/Pois      #####.....   5%          3    None
 Ignite Poison            Fire/Tmut/Pois #####...     6%          3    None
 Ice Form                 Ice/Tmut       ######..     7%          4    None
 Summon Ice Beast         Ice/Summ       ######..     7%          4    None
 Malign Gateway           Summ/Tloc      #######...   9%          7    ####...
 Conjure Flame            Conj/Fire      ####....     11%         3    None
 Mephitic Cloud           Conj/Pois/Air  ####....     11%         3    None
 Static Discharge         Conj/Air       ####....     11%         3    None
 Stone Arrow              Conj/Erth      ####..       11%         3    None
 Petrify                  Tmut/Erth      #####...     14%         4    None
 Blade Hands              Tmut           ######....   17%         5    None
 Airstrike                Air            ####......   30%         4    None
 Iskenderun's Mystic Bla  Conj           ####....     30%         4    None
 Olgreb's Toxic Radiance  Pois           ####....     30%         4    None
 Sticky Flame             Conj/Fire      ####....     30%         4    None
 Bolt of Draining         Conj/Necr      ######....   30%         5    None
 Borgnjor's Vile Clutch   Necr/Erth      ######....   30%         5    None
 Alistair's Intoxication  Tmut/Pois      #####...     34%         5    None
 Ring of Flames           Chrm/Fire      ######....   58%         7    ####...
 Bolt of Magma            Conj/Fire/Erth ####......   61%         5    None
 Fireball                 Conj/Fire      ####......   61%         5    None
 Lightning Bolt           Conj/Air       ####......   61%         5    None
 Venom Bolt               Conj/Pois      ####......   61%         5    None
 Shadow Creatures         Summ           N/A          63%         6    ##.....
 Statue Form              Tmut/Erth      #####....    88%         6    ##.....
 Freezing Cloud           Conj/Ice/Air   #####.....   93%         6    ##.....
 Bolt of Fire             Conj/Fire      ####......   99%         6    ##.....
 Iron Shot                Conj/Erth      ####......   99%         6    ##.....
 Monstrous Menagerie      Summ           ######....   99%         7    ####...
 Summon Greater Demon     Summ           ######....   99%         7    ####...
 Summon Hydra             Summ           ######....   99%         7    ####...
 Ignition                 Fire           ####......   100%        8    ######.
 Summon Horrible Things   Summ           ######....   100%        8    ######.
 Shatter                  Erth           ####......   100%        9    #######
 Tornado                  Air            ####......   100%        9    #######


Dungeon Overview and Level Annotations

Branches:
Dungeon (15/15)            Temple (1/1) D:7            Lair (6/6) D:9
  Swamp (4/4) Lair:4        Snake (4/4) Lair:4        Slime (5/5) Lair:5
    Orc (2/2) D:9             Elf (3/3) Orc:2        Vaults (5/5) D:14
  Crypt (3/3) Vaults:2       Tomb (0/3) Crypt:3      Depths (5/5) D:15
    Zot (5/5) Depths:5

Altars:
Ashenzari
Cheibriados
Dithmenos
Elyvilon
Fedhas
Gozag
Hepliaklqana
Kikubaaqudgha
Makhleb
Nemelex Xobeh
Okawaru
Qazlal
Ru
Sif Muna
Trog
Uskayaw
Vehumet
Wu Jian
Xom
Yredelemnul
Zin
The Shining One
Beogh
Jiyva

Shops:
D:8 *   D:11 *   D:12 ?:   Orc:2 [([}   Elf:1 (%%!((*(%   Elf:2 (?*!*
Snake:3 *%!(   Snake:4 ?   Vaults:3 =   Vaults:4 (*:[(   Depths:3 [([
Depths:5 *

Portals:
Hell: Depths:1 Depths:2 Depths:4 Depths:5
Abyss: Depths:4 Depths:5
Pandemonium: Depths:3 Depths:4
Ziggurat: Depths:3

Annotations:
D:5 exclusion: downstairs
D:7 Prince Ribbit
Swamp:4 2 transporters, kroki's ghost, adept MiFi
Snake:3 2 transporters, Gebura's ghost, adept DEFE
Crypt:1 Sojobo
Depths:3 Mennas
Depths:5 3 runed translucent doors, Iduilic's ghost, veteran MiFi


Innate Abilities, Weirdness & Mutations

You have a beak for a mouth.
You have sharp toenails.
You are partially covered in iridescent scales. (AC +2)
You possess an exceptional clarity of mind.
Your mind is acute. (Int +2)
Armour fits poorly on your strangely shaped body.
Your system is resistant to poisons. (rPois)
You are occasionally teleported next to monsters.
Your spells are a little harder to cast, but a little more powerful.


Message History

Press: ? - help, Shift-Dir - straight line, f - Orb Guardian
Aim: an Orb Guardian You shoot an arrow {+5 dblade}.
The arrow {+5 dblade} hits the Orb Guardian but does no damage.
Firing (i - inventory. (/) - cycle)
N - 886 arrows (quivered)
{+5 dblade}
Press: ? - help, Shift-Dir - straight line, f/p - Orb Guardian
Aim: an Orb Guardian You shoot an arrow {+5 dblade}.
The arrow {+5 dblade} hits the Orb Guardian!
The Orb Guardian is moderately wounded.
Firing (i - inventory. (/) - cycle)
N - 885 arrows (quivered)
{+5 dblade}
Press: ? - help, Shift-Dir - straight line, f/p - Orb Guardian
Aim: an Orb Guardian (lightly wounded)
You shoot an arrow {+5 dblade}.
The arrow {+5 dblade} completely misses the Orb Guardian.
Firing (i - inventory. (/) - cycle)
N - 884 arrows (quivered)
{+5 dblade}
Press: ? - help, Shift-Dir - straight line, f/p - Orb Guardian
Aim: an Orb Guardian (lightly wounded)
You shoot an arrow {+5 dblade}.
The arrow {+5 dblade} misses the Orb Guardian.
Firing (i - inventory. (/) - cycle)
N - 883 arrows (quivered)
{+5 dblade}
Press: ? - help, Shift-Dir - straight line, f/p - Orb Guardian
Aim: an Orb Guardian (lightly wounded)
You shoot an arrow {+5 dblade}.
The arrow {+5 dblade} hits the Orb Guardian!!
The Orb Guardian is heavily wounded.
Firing (i - inventory. (/) - cycle)
N - 882 arrows (quivered)
{+5 dblade}
Press: ? - help, Shift-Dir - straight line, f/p - Orb Guardian
Aim: an Orb Guardian (heavily wounded)
You shoot an arrow {+5 dblade}.
The arrow {+5 dblade} hits the Orb Guardian but does no damage.
The Orb Guardian is heavily wounded.
Firing (i - inventory. (/) - cycle)
N - 881 arrows (quivered)
{+5 dblade}
Press: ? - help, Shift-Dir - straight line, f/p - Orb Guardian
Aim: an Orb Guardian (heavily wounded)
You shoot an arrow {+5 dblade}.
The arrow {+5 dblade} hits the Orb Guardian!
The Orb Guardian is severely wounded.
The Orb Guardian barely misses you.
Firing (i - inventory. (/) - cycle)
N - 880 arrows (quivered)
{+5 dblade}
Press: ? - help, Shift-Dir - straight line, f/p - Orb Guardian
Aim: an Orb Guardian (severely wounded)
You shoot an arrow {+5 dblade}.
The arrow {+5 dblade} hits the Orb Guardian!!
You kill the Orb Guardian!
Okawaru accepts your kill.
No target in view!
(D) Dungeon (T) Temple (L) Lair (S) Swamp (P) Snake Pit (M) Slime Pits (O) Orcish Mines (E) Elven Halls (V) Vaults (C) Crypt (W) Tomb (U) Depths (H) Hell (Z) Zot
Where to? (Enter - D:1 @ (x,y), ? - help) HP restored.
There is a stone staircase leading up here.
You climb upwards.
There is a stone staircase leading down here.
There is a stone staircase leading up here.
You climb upwards.
There is a stone staircase leading down here.
There is an open door here.
A shadow demon, a pandemonium lord and a lich come into view.
The shadow demon gives a loud, deep croak!
The lich shouts!
There is a stone staircase leading up here.
The shadow demon gestures.
You climb upwards.
There is a stone staircase leading down here.
A sixfirhy comes into view.
You gain the combat prowess of a mighty hero.
You eat one of the 7 rations.
That ration really hit the spot!
You can now deal lightning-fast blows.
Firing (i - inventory. (/) - cycle)
N - 879 arrows (quivered)
{+5 dblade}
Press: ? - help, Shift-Dir - straight line, f - sixfirhy
Aim: a sixfirhy You shoot an arrow {+5 dblade}.
The arrow {+5 dblade} hits the sixfirhy!
The sixfirhy is heavily wounded.
The sixfirhy hits you but does no damage.
The sixfirhy barely misses you.
Firing (i - inventory. (/) - cycle)
N - 878 arrows (quivered)
{+5 dblade}
Press: ? - help, Shift-Dir - straight line, f/p - sixfirhy
Aim: a sixfirhy (heavily wounded)
You shoot an arrow {+5 dblade}.
The arrow {+5 dblade} misses the sixfirhy.
The sixfirhy misses you.
Firing (i - inventory. (/) - cycle)
N - 877 arrows (quivered)
{+5 dblade}
Press: ? - help, Shift-Dir - straight line, f/p - sixfirhy
Aim: a sixfirhy (heavily wounded)
You shoot an arrow {+5 dblade}.
The arrow {+5 dblade} hits the sixfirhy!!!
You kill the sixfirhy!
Okawaru accepts your kill.
No target in view!
N - 879 arrows {+5 dblade} (gained 3)
There are no items here.
There is an open door here.
There is a staircase leading out of the dungeon here.
You start resting.
Magic restored.
You have escaped!

#### #####
#≈P♣♣♣≈.@#
###P♣≈.....#
#.'.....♣♣≈#
#.#P♣.♣♣PP♣#
#.###'#####
##.###.#
######..##..######
.................#
################.#


There were no monsters in sight!

Vanquished Creatures
  the Royal Jelly (Slime:5)
  Dissolution (Slime:1)
  2 orbs of fire (Zot:5)
  2 juggernauts (Depths:5)
  3 ancient liches (Zot:5)
  A greater mummy (Depths:1)
  Boris (thrice) (Vaults:2 Vaults:3 D:15)
  the Lernaean hydra (Swamp:4)
  A Killer Klown (Zot:5)
  Margery (Crypt:1)
  3 caustic shrikes (Depths:2)
  6 golden dragons
  2 bone dragons
  A profane servitor (Crypt:3)
  Jory (Crypt:2)
  7 liches
  A Brimstone Fiend (Depths:4)
  10 tentacled monstrosities
  Jorgrun (Elf:1)
  8 titans
  2 deep elf master archers (Elf:3)
  A quicksilver dragon (shapeshifter) (Vaults:5)
  27 Orb Guardians
  3 deep elf blademasters
  3 quicksilver dragons
  6 sphinxes
  24 acid blobs
  3 death cobs
  6 shadow dragons
  Kirke (Swamp:2)
  Frances (Elf:1)
  4 ancient champions
  5 thorn hunters
  5 tengu reavers
  Donald (Swamp:1)
  9 storm dragons
  3 draconian knights
  The ghost of Norm the Warrior, a journeyman OgAK of Lugonu (D:13)
  A draconian monk (Zot:5)
  A ghost moth (Zot:4)
  3 revenants
  13 fire giants
  11 azure jellies
  6 nagarajas (Snake:4)
  5 deep elf sorcerers
  3 frost giants
  19 vault wardens
  4 iron dragons
  2 orc warlords
  7 ghouls
  9 draconian scorchers
  Louise (Depths:5)
  10 deep elf elementalists
  2 balrugs
  A draconian stormcaller (Zot:5)
  3 curse skulls
  4 draconian shifters
  6 war gargoyles
  22 very ugly things
  4 entropy weavers
  20 stone giants
  9 green draconians
  4 draconian annihilators
  3 spriggan defenders
  11 deep elf demonologists
  13 ironheart preservers
  A dire elephant (D:15)
  A vampire knight (Depths:4)
  3 spark wasps (Depths:4)
  6 red draconians
  10 yellow draconians
  7 purple draconians
  7 deep elf annihilators
  9 white draconians
  5 black draconians
  10 deep elf death magi
  A blizzard demon (Depths:4)
  11 death oozes
  26 ettins
  A mummy priest (Crypt:3)
  A jiangshi (Crypt:2)
  A green death (Depths:2)
  A quicksilver dragon zombie (Crypt:3)
  A merfolk javelineer (Depths:1)
  13 fire dragons
  17 yaktaur captains
  3 merfolk impalers
  8 eidola
  6 deep elf high priests
  7 rakshasas
  3 spriggan air magi
  15 naga warriors
  13 ice dragons
  A hell beast (D:4)
  22 hydras
  15 great orbs of eyes
  41 vault guards
  5 anacondas
  2 quicksilver dragon skeletons (Crypt:1)
  2 shambling mangroves
  7 death knights
  A two-headed ogre (shapeshifter) (D:13)
  21 two-headed ogres
  26 dancing weapons
  A death yak (shapeshifter) (Vaults:5)
  3 catoblepae (Lair:6)
  5 ogre magi
  5 centaur warriors
  11 alligators
  6 deep troll shamans
  2 titan zombies (Crypt:3)
  3 vampire magi
  13 death yaks
  7 orc high priests
  10 tengu warriors
  4 deep troll earth magi
  8 shock serpents
  3 soul eaters
  9 spriggan berserkers
  20 hell knights
  19 naga sharpshooters
  A small abomination (Elf:3)
  4 sun demons
  24 deep elf knights
  3 titan skeletons
  A shock serpent (shapeshifter) (Vaults:3)
  Sonja (D:12)
  20 skeletal warriors
  A fire crab (shapeshifter) (Vaults:5)
  A sixfirhy (D:1)
  A spark wasp zombie (Depths:1)
  A shadow wraith (Vaults:5)
  9 flayed ghosts
  A spriggan druid (Swamp:1)
  4 unseen horrors
  28 phantasmal warriors
  26 deep trolls
  12 naga ritualists
  10 swamp dragons
  6 wizards
  21 deep elf archers
  2 glowing orange brains
  17 ironbrand convokers
  7 harpies
  An anaconda skeleton (Crypt:1)
  12 mana vipers
  5 wolf spiders
  15 orc knights
  4 oklob plants (Lair:5)
  72 deep elf magi
  An iron dragon zombie (Crypt:3)
  43 ugly things
  12 necromancers
  4 orc sorcerers
  2 fire giant zombies
  A frost giant zombie (Crypt:3)
  2 shining eyes
  9 manticores
  2 human zombies
  A sphinx skeleton (Crypt:1)
  8 cyclopes
  A fire giant skeleton (Depths:4)
  13 moths of wrath
  8 salamanders
  6 elephants (Lair:6)
  An elf zombie (Depths:1)
  4 eyes of devastation
  12 vault sentinels
  A stone giant skeleton (Vaults:2)
  35 black mambas
  3 guardian serpents
  A centaur zombie (D:13)
  An orange demon (D:6)
  A torpor snail (Lair:3)
  Maurice (D:8)
  21 naga magi
  A water nymph (shapeshifter) (Depths:2)
  12 spiny frogs
  2 shock serpent zombies
  A spiny frog (shapeshifter) (Vaults:1)
  2 gargoyles
  3 efreet
  2 kobold demonologists (D:14)
  A minotaur zombie (Crypt:1)
  9 komodo dragons
  2 rime drakes
  A spriggan zombie (Depths:1)
  A komodo dragon (shapeshifter) (Vaults:4)
  5 guardian mummies
  8 freezing wraiths
  53 yaktaurs
  A death yak skeleton (Crypt:2)
  5 tengu conjurers
  A wind drake (shapeshifter) (Vaults:5)
  A red devil (Depths:3)
  7 trolls
  2 jumping spiders (Crypt:3)
  A catoblepas skeleton (Crypt:1)
  A queen bee (shapeshifter) (Vaults:5)
  A polar bear (Lair:2)
  A queen bee (Lair:3)
  An iron troll skeleton (Crypt:1)
  11 blink frogs
  14 hornets
  91 slime creatures
  11 tyrant leeches
  2 ice dragon zombies
  A raiju (shapeshifter) (Depths:4)
  A blink frog (shapeshifter) (Elf:1)
  A fire giant simulacrum (Crypt:1)
  A frost giant simulacrum (Vaults:1)
  9 bog bodies
  11 hippogriffs
  A fire dragon zombie (Depths:1)
  A redback (shapeshifter) (Vaults:3)
  9 spriggans
  Sigmund (D:6)
  4 flying skulls (Crypt:1)
  A tarantella (Vaults:3)
  3 air elementals
  5 wyverns
  17 redbacks
  2 vampires
  A spriggan (shapeshifter) (Depths:1)
  3 shadows
  17 water elementals
  14 wraiths
  5 fire elementals
  A human (shapeshifter) (Vaults:2)
  36 yaks
  4 basilisks
  2 golden eyes (Slime:5)
  2 hungry ghosts
  9 vampire mosquitoes
  8 hogs
  A human (D:7)
  Grum (D:9)
  A spriggan simulacrum (Depths:1)
  A black mamba skeleton (Crypt:2)
  5 insubstantial wisps (Swamp:1)
  47 nagas
  5 wargs
  11 swamp worms
  An acid dragon (Vaults:2)
  A spiny frog zombie (Crypt:3)
  A merfolk zombie (Crypt:3)
  5 porcupines
  2 hell hounds (D:10)
  8 water moccasins
  A floating eye (Slime:5)
  A faun skeleton (Crypt:2)
  47 orc warriors
  11 swamp drakes
  An ettin simulacrum (Crypt:1)
  8 eyes of draining
  10 sky beasts
  3 black bears
  3 ice beasts
  A swamp dragon zombie (Crypt:3)
  3 phantoms
  14 necrophages
  A snapping turtle zombie (Crypt:3)
  9 wolves
  A boggart (D:14)
  18 ogres
  An ogre (shapeshifter) (Vaults:4)
  5 centaurs
  A manticore skeleton (Crypt:1)
  14 crocodiles
  A big kobold (shapeshifter) (Depths:2)
  6 big kobolds
  A wyvern zombie (D:12)
  12 bullfrogs
  A deep troll simulacrum (Vaults:2)
  A glowing shapeshifter simulacrum (Depths:1)
  A tengu simulacrum (Depths:1)
  2 elf skeletons
  3 earth elementals
  8 wyvern skeletons
  4 scorpions
  A tengu zombie (Depths:1)
  14 killer bees (Lair:3)
  A human simulacrum (Vaults:3)
  An orc simulacrum (Vaults:1)
  5 wights (D:10)
  6 howler monkeys
  3 electric eels
  A howler monkey (shapeshifter) (Vaults:5)
  2 bullfrog zombies
  8 crimson imps
  30 orc priests
  5 hounds
  A gnoll shaman (D:9)
  3 bullfrog skeletons
  6 centaur skeletons
  4 jellies
  An iguana (D:11)
  Natasha (thrice) (D:4)
  31 orc wizards
  7 worker ants
  A hound zombie (D:10)
  An acid dragon skeleton (Crypt:1)
  7 mummies
  A howler monkey zombie (D:11)
  18 gnolls
  12 adders
  A howler monkey skeleton (D:11)
  A swamp drake zombie (Crypt:2)
  5 shadow imps
  A worm zombie (Crypt:1)
  An ooze (D:2)
  A worm (D:2)
  2 dart slugs
  6 leopard geckos
  72 orcs
  3 giant cockroaches
  3 goblins
  4 hobgoblins
  5 jackals
  5 quokkas
  A ball python (D:2)
  7 bats
  4 frilled lizards
  A goblin skeleton (Crypt:2)
  A jackal skeleton (D:6)
  33 kobolds
  An orc skeleton (Crypt:1)
  6 rats
  A crawling corpse (Elf:3)
  4 plants
2370 creatures vanquished.

Vanquished Creatures (collateral kills)
  A Killer Klown (Zot:5)
  An electric golem (Zot:5)
  A wraith (D:11)
3 creatures vanquished.

Vanquished Creatures (others)
  A sphinx (Depths:4)
  A fire giant (Vaults:2)
  An ironheart preserver (Vaults:1)
  A draconian annihilator (Zot:4)
  A green draconian (Zot:2)
  A white draconian (Zot:4)
  A deep troll shaman (Depths:4)
  A tengu warrior (Depths:3)
  A dancing weapon (Elf:1)
  A deep elf knight (Vaults:4)
  A deep troll (Depths:4)
  2 deep elf magi
  A moth of wrath (Zot:4)
  A black mamba (Snake:4)
  A yaktaur (Vaults:5)
  A small abomination (Elf:3)
  A hornet (Vaults:3)
  A sphinx simulacrum (Vaults:1)
  A yak (D:9)
  A human (Swamp:2)
  15 fungi
  38 plants
  11 withered plants (Crypt:3)
85 creatures vanquished.

Grand Total: 2458 creatures vanquished

Notes
Turn   | Place    | Note
-------+----------+-------------------------------------------
     0 | D:1      | Artagas the Deep Elf Arcane Marksman began the quest for
                  | the Orb.
     0 | D:1      | Reached XP level 1. HP: 11/11 MP: 5/5
   365 | D:1      | Reached skill level 1 in Fighting
   376 | D:1      | Reached skill level 2 in Spellcasting
   692 | D:1      | Reached XP level 2. HP: 16/16 MP: 2/7
   696 | D:1      | Learned a level 2 spell: Slow
  1086 | D:1      | Reached skill level 3 in Bows
  2233 | D:2      | Reached XP level 3. HP: 19/20 MP: 6/8
  2743 | D:2      | Reached skill level 4 in Bows
  3152 | D:2      | Found a shadowy altar of Dithmenos.
  3183 | D:2      | Reached XP level 4. HP: 19/25 MP: 5/9
  3985 | D:3      | Learned a level 4 spell: Cause Fear
  4624 | D:3      | Reached skill level 2 in Fighting
  5395 | D:3      | Reached XP level 5. HP: 30/30 MP: 8/10
  5802 | D:4      | Noticed Natasha
  5813 | D:4      | Killed Natasha
  5947 | D:4      | Noticed an ogre
  6057 | D:4      | Noticed Natasha
  6062 | D:4      | Killed Natasha
  6062 | D:4      | Reached skill level 5 in Hexes
  6118 | D:4      | Noticed Natasha
  6131 | D:4      | Killed Natasha
  6131 | D:4      | Reached skill level 5 in Bows
  6319 | D:4      | Killed an ogre
  6319 | D:4      | Reached skill level 3 in Spellcasting
  6319 | D:4      | Reached XP level 6. HP: 35/35 MP: 6/13
  6472 | D:4      | Reached skill level 4 in Spellcasting
  6649 | D:4      | Learned a level 3 spell: Portal Projectile
  6669 | D:5      | Entered Level 5 of the Dungeon
  6792 | D:5      | Reached skill level 3 in Dodging
  7165 | D:5      | Reached skill level 6 in Bows
  7340 | D:5      | Noticed a sky beast
  7371 | D:5      | Reached XP level 7. HP: 27/40 MP: 11/15
  7840 | D:4      | Reached skill level 6 in Hexes
  8871 | D:5      | Reached skill level 7 in Hexes
 10026 | D:6      | Noticed Sigmund
 10081 | D:5      | Reached skill level 7 in Bows
 10231 | D:6      | Got a pitted ring mail
 10248 | D:5      | Identified the +1 ring mail of Refuge {Str+5 SInv Stlth-}
                  | (You found it on level 6 of the Dungeon)
 10258 | D:6      | Learned a level 3 spell: Inner Flame
 10538 | D:6      | Reached XP level 8. HP: 44/44 MP: 10/16
 10725 | D:6      | Reached skill level 1 in Armour
 10888 | D:6      | Killed Sigmund
 10888 | D:6      | Reached skill level 4 in Dodging
 11608 | D:7      | Reached skill level 3 in Fighting
 11608 | D:7      | Reached skill level 2 in Armour
 11651 | D:7      | Reached skill level 8 in Hexes
 11685 | D:7      | Found a staircase to the Ecumenical Temple.
 11739 | D:7      | Reached skill level 1 in Evocations
 11771 | Temple   | Entered the Ecumenical Temple
 11832 | Temple   | Became a worshipper of Warmaster Okawaru
 12060 | D:7      | Reached skill level 8 in Bows
 12060 | D:7      | Reached skill level 2 in Evocations
 12090 | D:7      | Reached skill level 3 in Evocations
 12238 | D:7      | Reached * piety under Okawaru
 12238 | D:7      | Reached skill level 4 in Evocations
 12238 | D:7      | Reached XP level 9. HP: 36/50 MP: 7/17
 12412 | D:7      | Reached skill level 1 in Invocations
 12898 | D:7      | Reached skill level 2 in Invocations
 13137 | D:7      | Noticed Prince Ribbit
 13343 | D:8      | Found a blossoming altar of Fedhas.
 13453 | D:8      | Noticed Maurice
 13494 | D:8      | Killed Maurice
 13494 | D:8      | Reached skill level 9 in Hexes
 13494 | D:8      | Reached skill level 3 in Invocations
 13504 | D:8      | Upgraded the game from 0.24-a0-528-g98e85ec62a to
                  | 0.24-a0-530-g18ba70b503
 13816 | D:8      | Found Neuhux's Assorted Antiques.
 13846 | D:8      | Reached skill level 9 in Bows
 13929 | D:8      | Bought a metallic green potion for 21 gold pieces
 13929 | D:8      | Bought a scroll labeled UCOHO TOTA for 24 gold pieces
 13929 | D:8      | Bought a metallic green potion for 21 gold pieces
 13929 | D:8      | Bought a potion of heal wounds for 120 gold pieces
 13984 | D:8      | Reached skill level 4 in Invocations
 15028 | D:9      | Noticed a troll
 15336 | D:9      | Reached ** piety under Okawaru
 15336 | D:9      | Reached skill level 5 in Invocations
 15424 | D:9      | Reached skill level 5 in Evocations
 15425 | D:9      | Reached skill level 4 in Fighting
 15551 | D:9      | Found a staircase to the Orcish Mines.
 15585 | D:9      | Reached XP level 10. HP: 45/58 MP: 11/18
 15589 | D:9      | Reached skill level 5 in Fighting
 15593 | D:9      | Reached skill level 1 in Stealth
 15594 | D:9      | Reached *** piety under Okawaru
 15594 | D:9      | Reached skill level 1 in Short Blades
 15594 | D:9      | Reached skill level 2 in Stealth
 15993 | D:8      | Reached skill level 2 in Short Blades
 16072 | D:8      | Reached skill level 3 in Stealth
 16814 | D:8      | Reached skill level 3 in Short Blades
 16814 | D:8      | Reached skill level 4 in Stealth
 16989 | D:9      | Found a staircase to the Lair.
 17090 | D:9      | Got an ancient spear
 17091 | D:9      | Identified the +10 spear of Ashenzari {freeze, MR- Str+3
                  | Dex+2 Stlth+} (You found it on level 9 of the Dungeon)
 17346 | D:9      | Noticed Grum
 17444 | D:9      | Killed Grum
 17675 | D:9      | Reached skill level 5 in Stealth
 17880 | D:9      | Reached skill level 5 in Dodging
 18068 | Lair:1   | Entered Level 1 of the Lair of Beasts
 18105 | Lair:1   | Noticed a spiny frog
 18132 | Lair:1   | Killed a spiny frog
 18132 | Lair:1   | Reached **** piety under Okawaru
 18132 | Lair:1   | Reached skill level 4 in Short Blades
 18246 | Lair:1   | Got an ancient chain mail
 18266 | Lair:1   | Identified the +4 chain mail of the Lotus Blossom {Str+4}
                  | (You found it on level 1 of the Lair of Beasts)
 18406 | Lair:1   | Learned a level 2 spell: Blink
 18562 | Lair:1   | Noticed a spiny frog
 18592 | Lair:1   | Killed a spiny frog
 18911 | Lair:1   | Reached skill level 6 in Dodging
 18911 | Lair:1   | Reached skill level 5 in Spellcasting
 19109 | Lair:1   | Received a gift from Okawaru
 19109 | Lair:1   | Reached skill level 10 in Bows
 19210 | Lair:1   | Noticed a spiny frog
 19236 | Lair:1   | Killed a spiny frog
 19613 | Lair:2   | Found a frozen archway.
 19675 | Lair:1   | Received a gift from Okawaru
 19675 | Lair:1   | Reached XP level 11. HP: 63/63 MP: 20/20
 19717 | IceCv    | Entered an ice cave
 19760 | Lair:2   | Reached skill level 7 in Dodging
 19930 | Lair:1   | Learned a level 2 spell: Call Imp
 21394 | Lair:2   | Got a shimmering scale mail
 21405 | Lair:2   | Identified the +5 scale mail of Muttered Phrases {Int+5}
                  | (You found it on level 2 of the Lair of Beasts)
 21564 | Lair:2   | HP: 9/63 [poisoned by a spiny frog]
 21572 | Lair:2   | HP: 9/63 [poisoned by a spiny frog]
 21580 | Lair:2   | HP: 8/63 [poisoned by a spiny frog]
 21894 | Lair:3   | Found a gate leading to a gauntlet.
 21916 | Lair:3   | Reached skill level 8 in Dodging
 21932 | Lair:3   | Noticed a six-headed hydra
 22082 | Lair:3   | Reached skill level 11 in Bows
 22082 | Lair:3   | Reached skill level 6 in Evocations
 22082 | Lair:3   | Reached ***** piety under Okawaru
 22255 | Lair:3   | Noticed a five-headed hydra
 22309 | Lair:3   | Killed a five-headed hydra
 22309 | Lair:3   | Received a gift from Okawaru
 22309 | Lair:3   | Reached skill level 1 in Summonings
 22309 | Lair:3   | Reached skill level 1 in Translocations
 22388 | Lair:3   | Reached skill level 2 in Summonings
 22388 | Lair:3   | Reached skill level 7 in Evocations
 22650 | Lair:3   | Reached skill level 2 in Translocations
 22791 | Lair:3   | Reached skill level 3 in Summonings
 22791 | Lair:3   | Reached skill level 3 in Translocations
 22974 | Lair:3   | Killed a six-headed hydra
 22974 | Lair:3   | Received a gift from Okawaru
 23076 | Lair:3   | Reached skill level 4 in Summonings
 23076 | Lair:3   | Reached skill level 4 in Translocations
 24392 | D:10     | Entered Level 10 of the Dungeon
 24653 | D:10     | Found a viscous altar of Jiyva.
 24813 | D:10     | Reached XP level 12. HP: 63/68 MP: 19/21
 25168 | D:10     | Reached skill level 3 in Armour
 25309 | D:10     | Noticed a two-headed ogre
 25377 | D:10     | Received a gift from Okawaru
 25637 | D:10     | Killed a two-headed ogre
 25959 | Lair:3   | Upgraded the game from 0.24-a0-530-g18ba70b503 to
                  | 0.24-a0-536-gdd4cf15266
 26180 | Lair:4   | Reached skill level 9 in Dodging
 26328 | Lair:4   | Found a staircase to the Snake Pit.
 26714 | Lair:4   | Found a staircase to the Swamp.
 27236 | Lair:5   | Reached skill level 6 in Fighting
 27379 | Lair:4   | Reached skill level 4 in Armour
 27637 | Lair:5   | Noticed a death yak
 27691 | Lair:5   | Received a gift from Okawaru
 27691 | Lair:5   | Reached skill level 12 in Bows
 27833 | Lair:5   | Reached skill level 5 in Armour
 28167 | Lair:5   | Found a viscous altar of Jiyva.
 28167 | Lair:5   | Found a staircase to the Slime Pits.
 28269 | Lair:5   | Noticed a death yak
 28269 | Lair:5   | Noticed a death yak
 28290 | Lair:5   | Killed a death yak
 28291 | Lair:5   | Noticed a death yak
 28291 | Lair:5   | Noticed a death yak
 28292 | Lair:5   | Noticed a death yak
 28298 | Lair:5   | Killed a death yak
 28429 | Lair:5   | Killed a death yak
 28597 | Lair:5   | Reached skill level 7 in Fighting
 28733 | Lair:5   | Killed a death yak
 28736 | Lair:5   | Killed a death yak
 28736 | Lair:5   | Received a gift from Okawaru
 28736 | Lair:5   | Reached skill level 13 in Bows
 28743 | Lair:5   | Killed a death yak
 28818 | Lair:6   | Entered Level 6 of the Lair of Beasts
 28910 | Lair:6   | Noticed a five-headed hydra
 28916 | Lair:6   | Killed a five-headed hydra
 28916 | Lair:6   | Reached XP level 13. HP: 76/76 MP: 19/22
 29072 | Lair:6   | Reached skill level 6 in Invocations
 30052 | Lair:6   | Received a gift from Okawaru
 30247 | Lair:6   | Reached skill level 7 in Invocations
 30352 | Lair:6   | Reached skill level 14 in Bows
 31774 | Lair:6   | Reached skill level 10 in Dodging
 31787 | Lair:6   | Reached skill level 8 in Fighting
 31800 | Lair:6   | Received a gift from Okawaru
 31801 | Lair:6   | Got a polished executioner's axe {god gift}
 31974 | Lair:6   | Identified the +4 executioner's axe "Ciohuofux" {drain,
                  | rPois MP+9} (Okawaru gifted it to you on level 6 of the
                  | Lair of Beasts)
 32864 | Lair:6   | Reached skill level 15 in Bows
 32909 | Lair:6   | Upgraded the game from 0.24-a0-536-gdd4cf15266 to
                  | 0.24-a0-537-g2d01d4ab0a
 33414 | D:11     | Found Malifarr's General Store.
 33422 | D:11     | Bought a potion of curing for 33 gold pieces
 33422 | D:11     | Bought a potion of brilliance for 44 gold pieces
 33422 | D:11     | Bought a potion of cancellation for 88 gold pieces
 33422 | D:11     | Bought a scroll of vulnerability for 82 gold pieces
 33422 | D:11     | Bought a scroll of summoning for 104 gold pieces
 33584 | D:8      | Bought a small ruby ring for 120 gold pieces
 33898 | D:11     | Received a gift from Okawaru
 33899 | D:11     | Got a smoking ring mail {god gift}
 33910 | D:11     | Identified the +0 ring mail "Aze Cice" {MR+ MP+9 Dex+2
                  | Stlth-} (Okawaru gifted it to you on level 11 of the
                  | Dungeon)
 34186 | D:11     | Reached XP level 14. HP: 76/84 MP: 23/23
 34561 | D:11     | Reached skill level 8 in Invocations
 35156 | D:12     | Found Sedyteosh's Book Shoppe.
 35248 | D:12     | Noticed Sonja
 35252 | D:12     | Killed Sonja
 35252 | D:12     | Reached skill level 11 in Dodging
 35680 | D:12     | Found Deowy's Magic Scroll Boutique.
 35701 | D:12     | Bought a scroll of identify for 30 gold pieces
 35702 | D:12     | Bought a scroll of identify for 30 gold pieces
 35702 | D:12     | Bought a scroll of identify for 30 gold pieces
 35702 | D:12     | Bought a scroll of identify for 30 gold pieces
 35703 | D:12     | Identified a scroll of acquirement
 35708 | D:12     | Got a brightly glowing cloak
 35719 | D:12     | Identified the +5 cloak "Heotucsi" {+Blink rN+} (You
                  | acquired it on level 12 of the Dungeon)
 35921 | D:12     | Reached skill level 10 in Hexes
 36461 | D:12     | Reached skill level 11 in Hexes
 36573 | D:12     | Bought a book of Misfortune for 200 gold pieces
 36577 | D:12     | Learned a level 3 spell: Confuse
 36659 | Orc:1    | Entered Level 1 of the Orcish Mines
 36814 | Orc:1    | Found a roughly hewn altar of Beogh.
 37032 | Orc:2    | Entered Level 2 of the Orcish Mines
 37149 | Orc:2    | Found a staircase to the Elven Halls.
 37802 | Orc:2    | Noticed an orc warlord
 37873 | Orc:2    | Killed an orc warlord
 38143 | Orc:2    | Reached skill level 6 in Armour
 38547 | Orc:2    | Reached skill level 12 in Dodging
 38677 | Orc:2    | Found a burning altar of Makhleb.
 38801 | Orc:2    | Received a gift from Okawaru
 38820 | Orc:2    | Found Rouzos's Gadget Shop.
 38820 | Orc:2    | Found Xoiguame's Weapon Boutique.
 38823 | Orc:2    | Found Yllas's Antique Armour Shop.
 38823 | Orc:2    | Found Irahumal's Armour Boutique.
 38882 | Orc:2    | Bought a pair of glowing boots for 202 gold pieces
 38887 | Orc:2    | Identified a +2 pair of boots of running (You bought it in
                  | a shop on level 2 of the Orcish Mines)
 39150 | Orc:2    | Bought a +2 hat for 288 gold pieces
 39157 | Orc:2    | Bought a wand of clouds (4) for 384 gold pieces
 39574 | D:13     | Noticed Norm's ghost (journeyman OgAK)
 39585 | D:13     | Received a gift from Okawaru
 39585 | D:13     | Reached skill level 9 in Fighting
 39997 | D:13     | Found a runed translucent gate.
 39997 | D:13     | Found a runed translucent gate.
 40083 | D:13     | Reached skill level 7 in Armour
 40147 | D:13     | Reached skill level 8 in Evocations
 40192 | D:13     | Found a runed translucent gate.
 40568 | D:14     | Found a gate to the Vaults.
 40646 | D:14     | Reached skill level 9 in Evocations
 40836 | D:14     | Reached XP level 15. HP: 90/90 MP: 24/24
 41113 | D:14     | Found the +8 frozen axe "Frostbite" {freezing cloud, *Noise
                  | +Fly rC+}
 42026 | D:15     | Entered Level 15 of the Dungeon
 42233 | D:15     | Received a gift from Okawaru
 42698 | D:15     | Found a staircase to the Depths.
 43168 | D:15     | Reached ****** piety under Okawaru
 43177 | D:15     | Received a gift from Okawaru
 43177 | D:15     | Reached skill level 8 in Armour
 43431 | D:15     | Reached skill level 13 in Dodging
 44024 | D:15     | Reached skill level 9 in Invocations
 44400 | D:14     | Learned a level 5 spell: Metabolic Englaciation
 44620 | Swamp:1  | Entered Level 1 of the Swamp
 44650 | Swamp:1  | Reached skill level 1 in Ice Magic
 44775 | Swamp:1  | Reached skill level 6 in Spellcasting
 44881 | Swamp:1  | Received a gift from Okawaru
 44910 | Swamp:1  | Reached skill level 10 in Fighting
 45029 | Swamp:1  | Reached skill level 2 in Ice Magic
 45152 | Swamp:1  | Noticed Donald
 45183 | Swamp:1  | Killed Donald
 45187 | Swamp:1  | Noticed a thorn hunter
 45486 | Swamp:1  | Reached skill level 3 in Ice Magic
 45580 | Swamp:1  | Reached skill level 7 in Spellcasting
 45734 | Swamp:1  | Killed a thorn hunter
 45734 | Swamp:1  | Reached skill level 12 in Hexes
 46438 | Swamp:2  | Received a gift from Okawaru
 46464 | Swamp:1  | Reached skill level 4 in Ice Magic
 46520 | Swamp:2  | Reached XP level 16. HP: 97/97 MP: 29/29
 46622 | Swamp:2  | Noticed Kirke
 46625 | Swamp:2  | Reached skill level 8 in Spellcasting
 46637 | Swamp:2  | Killed Kirke
 47287 | Swamp:2  | Reached skill level 9 in Spellcasting
 47345 | Swamp:2  | Reached skill level 13 in Hexes
 47974 | Swamp:2  | Received a gift from Okawaru
 49009 | Swamp:3  | Learned a level 5 spell: Yara's Violent Unravelling
 49009 | Swamp:3  | Upgraded the game from 0.24-a0-537-g2d01d4ab0a to
                  | 0.24-a0-545-gd1b266bae6
 49281 | Elf:1    | Entered Level 1 of the Elven Halls
 49294 | Elf:1    | Reached skill level 14 in Hexes
 49338 | Elf:1    | Reached skill level 10 in Spellcasting
 49538 | Elf:1    | Found Fytour's Antique Weapon Boutique.
 49773 | Elf:1    | Received a gift from Okawaru
 49804 | Elf:1    | Found Ecillapt's Antique Weapon Emporium.
 49912 | Elf:1    | Reached skill level 11 in Spellcasting
 50407 | Elf:1    | Found Jiecid's Food Boutique.
 50449 | Elf:1    | Noticed Jorgrun
 50460 | Elf:1    | Killed Jorgrun
 50460 | Elf:1    | Reached skill level 10 in Invocations
 50614 | Elf:1    | Found Girulu's Distillery.
 50615 | Elf:1    | Found Egoh's Weapon Boutique.
 50615 | Elf:1    | Found Firchinio's Food Shop.
 50620 | Elf:1    | Bought a potion of haste for 190 gold pieces
 50620 | Elf:1    | Bought a potion of curing for 57 gold pieces
 50620 | Elf:1    | Bought a potion of agility for 76 gold pieces
 50620 | Elf:1    | Bought a potion of agility for 76 gold pieces
 50620 | Elf:1    | Found Efuwuar's Weapon Boutique.
 50779 | Elf:1    | Received a gift from Okawaru
 50781 | Elf:1    | Noticed Frances
 50824 | Elf:1    | Killed Frances
 51106 | Elf:1    | Received a gift from Okawaru
 51510 | Elf:1    | Found Onokonn's Assorted Antiques.
 51715 | Elf:1    | Bought a potion of curing for 81 gold pieces
 51715 | Elf:1    | Bought a runed bone wand for 108 gold pieces
 51908 | Elf:1    | Found Myukosho's Food Boutique.
 52372 | Elf:1    | Upgraded the game from 0.24-a0-545-gd1b266bae6 to
                  | 0.24-a0-549-g45f0056d81
 52387 | Elf:1    | Upgraded the game from 0.24-a0-549-g45f0056d81 to
                  | 0.24-a0-613-g1ff6aac338
 52455 | Elf:2    | Found Beit Vul's General Store.
 52464 | Elf:2    | Found Paiclod's Magic Scroll Boutique.
 52549 | Elf:2    | Bought a scroll of identify for 38 gold pieces
 52584 | Elf:2    | Reached XP level 17. HP: 63/103 MP: 26/34
 52775 | Elf:2    | Found a shimmering blue altar of Sif Muna.
 52780 | Elf:2    | Bought a scroll of teleportation for 30 gold pieces
 52780 | Elf:2    | Bought a scroll of blinking for 75 gold pieces
 52780 | Elf:2    | Bought a scroll of magic mapping for 35 gold pieces
 52817 | Elf:2    | Bought a scroll of identify for 20 gold pieces
 52918 | Elf:2    | Found Semun's General Store.
 52921 | Elf:2    | Bought a scroll of teleportation for 45 gold pieces
 52945 | Elf:2    | Found Bihatt's Distillery.
 52948 | Elf:2    | Bought a potion of curing for 57 gold pieces
 52948 | Elf:2    | Bought a potion of heal wounds for 95 gold pieces
 53010 | Elf:2    | Reached skill level 9 in Armour
 53330 | Elf:2    | Reached skill level 14 in Dodging
 53592 | Elf:2    | Found a portal to a secret trove of treasure.
 53619 | Elf:2    | Found Mixkos's Weapon Emporium.
 53758 | Elf:2    | Reached skill level 11 in Fighting
 53764 | Elf:2    | Learned a level 4 spell: Leda's Liquefaction
 53788 | Elf:2    | Found a huge runed translucent gate.
 53788 | Elf:2    | Found a huge runed translucent gate.
 53788 | Elf:2    | Found a huge runed translucent gate.
 53790 | Elf:2    | Found a huge runed translucent gate.
 53792 | Elf:2    | Found a huge runed translucent gate.
 54190 | Snake:1  | Entered Level 1 of the Snake Pit
 54757 | Snake:1  | Received a gift from Okawaru
 55110 | Snake:1  | Reached skill level 15 in Dodging
 55433 | Snake:1  | Reached skill level 1 in Transmutations
 55736 | Snake:1  | Reached skill level 2 in Transmutations
 56543 | Swamp:4  | Entered Level 4 of the Swamp
 56591 | Swamp:4  | Received a gift from Okawaru
 56712 | Swamp:3  | Reached skill level 3 in Transmutations
 56959 | Swamp:4  | Noticed kroki's ghost (adept MiFi)
 57011 | Swamp:4  | Received a gift from Okawaru
 57105 | Swamp:4  | Reached skill level 12 in Spellcasting
 57105 | Swamp:4  | Reached skill level 4 in Transmutations
 57182 | Swamp:4  | Received a gift from Okawaru
 57426 | Swamp:4  | Found a transporter.
 57560 | Swamp:4  | Found a transporter.
 57787 | Swamp:4  | Noticed the 27-headed Lernaean hydra
 57807 | Swamp:4  | Reached skill level 12 in Fighting
 58240 | Swamp:4  | Killed the 27-headed Lernaean hydra
 58563 | Swamp:4  | Got a decaying rune of Zot
 58800 | Snake:1  | Reached skill level 11 in Invocations
 58800 | Snake:1  | Reached XP level 18. HP: 108/112 MP: 36/36
 60104 | Snake:2  | Reached skill level 13 in Fighting
 60199 | Snake:3  | Found a transporter.
 60204 | Snake:3  | Found Koodgh's Distillery.
 60213 | Snake:3  | Bought a potion of curing for 39 gold pieces
 60213 | Snake:3  | Bought a potion of magic for 104 gold pieces
 60213 | Snake:3  | Bought a potion of curing for 39 gold pieces
 60220 | Snake:3  | Noticed Gebura's ghost (adept DEFE)
 60232 | Snake:3  | Identified the ring of Afuong {rF+++ Int-2 Dex+2 Slay+3
                  | SInv}
 61163 | Snake:3  | Received a gift from Okawaru
 61245 | Snake:3  | Found a transporter.
 61576 | Snake:3  | Found Atytee's Food Emporium.
 61650 | Snake:3  | Received a gift from Okawaru
 61675 | Snake:3  | Found Kuinu's Antique Weapon Shop.
 62014 | Snake:3  | Found Visu Ymi's Assorted Antiques.
 62118 | Snake:4  | Entered Level 4 of the Snake Pit
 62134 | Snake:3  | Received a gift from Okawaru
 62252 | Snake:4  | Reached skill level 13 in Spellcasting
 62751 | Snake:4  | Found Didupec's Magic Scroll Shoppe.
 63063 | Snake:4  | Reached skill level 16 in Dodging
 63262 | Snake:4  | Received a gift from Okawaru
 63276 | Snake:4  | Got a shimmering longbow {god gift}
 63277 | Snake:4  | Identified the +5 longbow of Netorchi {flame, +Inv rF- rC+
                  | rN++} (Okawaru gifted it to you on level 4 of the Snake
                  | Pit)
 63287 | Snake:4  | Reached skill level 14 in Spellcasting
 64269 | Snake:4  | Received a gift from Okawaru
 64270 | Snake:4  | Got a warped helmet {god gift}
 64281 | Snake:4  | Identified the +1 helmet "Dewk" {+Fly rF+ rC+ Str-2}
                  | (Okawaru gifted it to you on level 4 of the Snake Pit)
 64593 | Snake:4  | Got a serpentine rune of Zot
 64894 | D:9      | Upgraded the game from 0.24-a0-613-g1ff6aac338 to
                  | 0.24-a0-616-ge2a249a6fd
 64996 | Vaults:1 | Entered Level 1 of the Vaults
 65602 | Vaults:1 | Reached XP level 19. HP: 120/120 MP: 39/39
 66776 | Vaults:1 | Reached skill level 17 in Dodging
 66781 | Vaults:1 | Reached skill level 16 in Bows
 67080 | Vaults:1 | Received a gift from Okawaru
 67088 | Vaults:1 | Reached skill level 14 in Fighting
 67557 | Vaults:1 | Received a gift from Okawaru
 67843 | Vaults:1 | Received a gift from Okawaru
 68430 | Vaults:1 | Learned a level 2 spell: Song of Slaying
 68434 | Vaults:1 | Learned a level 3 spell: Regeneration
 68782 | Vaults:1 | Reached skill level 15 in Hexes
 68820 | Vaults:1 | Reached skill level 15 in Spellcasting
 68868 | Vaults:1 | Reached skill level 1 in Charms
 69314 | Vaults:1 | Reached skill level 2 in Charms
 69936 | Snake:3  | Bought a runed demon blade for 558 gold pieces
 70379 | Elf:2    | You paid a toll of a +5 demon blade to enter a treasure
                  | trove
 70380 | Trove    | Entered a treasure trove
 70521 | Elf:3    | Entered Level 3 of the Elven Halls
 70807 | Elf:3    | Reached skill level 1 in Necromancy
 70828 | Elf:3    | Identified the +7 broad axe of Viraen {flame, Int+3 Dex-2}
 70891 | Elf:3    | Reached skill level 3 in Charms
 71244 | Elf:3    | Reached skill level 2 in Necromancy
 71479 | Elf:3    | Reached skill level 4 in Charms
 71762 | Elf:3    | Reached skill level 3 in Necromancy
 72060 | Elf:3    | Reached skill level 5 in Charms
 72489 | Elf:3    | Reached skill level 4 in Necromancy
 72492 | Elf:3    | Reached XP level 20. HP: 99/127 MP: 26/41
 72504 | Elf:3    | Received a gift from Okawaru
 72533 | Elf:3    | Reached skill level 6 in Charms
 72852 | Elf:3    | Received a gift from Okawaru
 72855 | Elf:3    | Identified the +6 great sword "Ahipn" {freeze, rElec Str+3}
 72855 | Elf:3    | Identified the ring of Moodiness {+Inv rPois rF+ rN++
                  | Slay-4}
 72871 | Elf:3    | Reached skill level 5 in Necromancy
 72875 | Elf:3    | Reached skill level 16 in Spellcasting
 72884 | Elf:3    | Reached skill level 16 in Hexes
 72893 | Elf:3    | Reached skill level 7 in Charms
 72903 | Elf:3    | Reached skill level 8 in Charms
 73241 | Elf:3    | Received a gift from Okawaru
 73676 | Elf:3    | Identified the Compendium of the Hurtful Arsonist
 73706 | Elf:3    | Identified Qossarel's Tome of the Burning Escort
 74708 | Vaults:2 | Noticed Boris
 74727 | Vaults:2 | Killed Boris
 74727 | Vaults:2 | Received a gift from Okawaru
 75457 | Vaults:2 | Reached skill level 5 in Translocations
 76090 | Vaults:2 | Found a staircase to the Crypt.
 76608 | Vaults:2 | Reached skill level 6 in Translocations
 77410 | Vaults:3 | Reached skill level 10 in Armour
 77643 | Vaults:3 | Noticed Boris
 77667 | Vaults:3 | Killed Boris
 77802 | Vaults:3 | Reached skill level 18 in Dodging
 77883 | Vaults:3 | Reached skill level 7 in Translocations
 78469 | Vaults:3 | Paralysed by a hornet for 1 turns
 78572 | Vaults:3 | Received a gift from Okawaru
 78797 | Vaults:3 | Reached skill level 8 in Translocations
 78864 | Vaults:3 | Received a gift from Okawaru
 79450 | Vaults:3 | Reached XP level 21. HP: 112/132 MP: 41/43
 80301 | Vaults:3 | Reached skill level 9 in Translocations
 80411 | Vaults:3 | Found Utoineuck's Jewellery Shoppe.
 80419 | Vaults:3 | Bought the ring "Epati" {Fire MR+ Str+5} for 577 gold
                  | pieces
 80586 | Vaults:4 | Found Zepolior's Book Shoppe.
 80601 | Vaults:3 | Reached skill level 11 in Armour
 81106 | Vaults:4 | Found Jenuihy's Antique Weapon Shoppe.
 81228 | Vaults:4 | Found Dotivi's General Store.
 81242 | Vaults:4 | Reached skill level 10 in Translocations
 81351 | Vaults:4 | Found Ewanefox's Antique Armour Shop.
 81774 | Vaults:4 | Received a gift from Okawaru
 81984 | Vaults:4 | Reached skill level 11 in Translocations
 82341 | Vaults:4 | Found Lohicoso's Weapon Boutique.
 82734 | Vaults:4 | Reached skill level 12 in Translocations
 83319 | Vaults:4 | Identified the +11 dagger "Feamij" {speed, +Rage rElec rF+
                  | Str+3} (You found it on level 4 of the Vaults)
 83705 | Vaults:4 | Learned a level 6 spell: Dispersal
 83971 | Depths:1 | Entered Level 1 of the Depths
 83979 | Depths:1 | Noticed Boris
 84009 | D:15     | Killed Boris
 84013 | Depths:1 | Received a gift from Okawaru
 84014 | Depths:1 | Got crude acid dragon scales {god gift}
 84027 | D:15     | Identified the +1 acid dragon scales of Ymeren {*Corrode
                  | MR+ rCorr Int+3} (Okawaru gifted it to you on level 1 of
                  | the Depths)
 84189 | Depths:1 | Reached skill level 6 in Stealth
 84822 | Depths:1 | Reached skill level 7 in Stealth
 85698 | Orc:2    | Bought a wand of digging (4) for 256 gold pieces
 86101 | Depths:1 | Reached skill level 17 in Spellcasting
 86101 | Depths:1 | Reached skill level 13 in Translocations
 86116 | Depths:1 | Reached skill level 8 in Stealth
 86452 | Depths:1 | Found a gateway to Hell.
 86957 | Depths:1 | Noticed a greater mummy
 86973 | Depths:1 | Killed a greater mummy
 86973 | Depths:1 | Reached skill level 9 in Stealth
 87743 | Crypt:1  | Entered Level 1 of the Crypt
 87751 | Crypt:1  | Received a gift from Okawaru
 87823 | Crypt:1  | Reached XP level 22. HP: 135/135 MP: 45/45
 88231 | Crypt:1  | Reached skill level 10 in Stealth
 88598 | Crypt:1  | Received a gift from Okawaru
 88845 | Vaults:2 | Reached skill level 14 in Translocations
 90244 | Crypt:2  | Noticed Margery
 90261 | Crypt:1  | Killed Margery
 90361 | Crypt:2  | Noticed Jory
 90372 | Crypt:2  | Noticed Sojobo
 90380 | Crypt:2  | Killed Jory
 90380 | Crypt:2  | Reached skill level 15 in Translocations
 91352 | Crypt:1  | Learned a level 8 spell: Disjunction
 91733 | Crypt:2  | Received a gift from Okawaru
 93176 | Crypt:3  | Entered Level 3 of the Crypt
 93634 | Crypt:3  | Found a staircase to the Tomb.
 93816 | Crypt:3  | Received a gift from Okawaru
 94005 | Crypt:3  | Reached skill level 18 in Spellcasting
 94095 | Crypt:3  | Reached skill level 16 in Translocations
 94801 | Crypt:3  | Received a gift from Okawaru
 95136 | Crypt:3  | Found the +2 pair of boots of the Assassin {Detection Stab+
                  | Stlth++}
 95144 | Crypt:3  | Got a warped copper ring
 95146 | Crypt:3  | Got a fine copper ring
 95147 | Crypt:3  | Identified the cursed ring "Ceippic" {rF+ MR+ Int-4 Dex+2}
                  | (You found it on level 3 of the Crypt)
 95148 | Crypt:3  | Identified the ring of Emolaec {AC+1 Int+3} (You found it
                  | on level 3 of the Crypt)
 95603 | Crypt:3  | Identified the cursed +1 chain mail of the Wilderness {MR+
                  | Str+3 Dex-2} (You found it on level 3 of the Crypt)
 95982 | Crypt:3  | Found a basalt altar of Yredelemnul.
 96275 | Crypt:3  | Received a gift from Okawaru
 97786 | Crypt:3  | Got a scintillating bone ring
 97787 | Crypt:3  | Identified the ring "Ellobium" {rF+ MR+ Str+4 SInv} (You
                  | found it on level 3 of the Crypt)
 97821 | Crypt:3  | Identified the Papyrus of Entrancing Orientation
 97969 | Crypt:3  | Reached skill level 19 in Spellcasting
 97979 | Crypt:3  | Learned a level 8 spell: Controlled Blink
 98160 | Crypt:3  | Received a gift from Okawaru
 98160 | Crypt:3  | Reached skill level 17 in Translocations
 98703 | Depths:2 | Noticed a caustic shrike
 98757 | Depths:2 | Reached XP level 23. HP: 120/142 MP: 48/48
 99222 | Depths:2 | Received a gift from Okawaru
 99527 | Depths:2 | Identified the +5 long sword "Teotuiz" {drain, +Blink rElec
                  | Str+4}
100271 | Depths:2 | Noticed a caustic shrike
100279 | Depths:2 | Noticed a caustic shrike
101348 | Depths:2 | Killed a caustic shrike
101445 | Depths:2 | Killed a caustic shrike
101445 | Depths:2 | Reached skill level 20 in Spellcasting
101680 | Depths:2 | Reached skill level 18 in Translocations
101734 | Depths:2 | Killed a caustic shrike
102392 | Depths:2 | Upgraded the game from 0.24-a0-616-ge2a249a6fd to
                  | 0.24-a0-618-ge4662a2d14
102816 | Snake:3  | Bought a scroll of acquirement for 1508 gold pieces
102816 | Snake:3  | Bought a potion of haste for 290 gold pieces
102828 | Snake:3  | Identified a +1 pair of boots of running (You acquired it
                  | on level 3 of the Snake Pit)
103185 | D:13     | Killed Norm's ghost
103540 | Elf:2    | Received a gift from Okawaru
104513 | Elf:2    | Reached skill level 19 in Translocations
105729 | Depths:3 | Found a shattered altar of Ashenzari.
105948 | Depths:3 | Found Gozag's Antique Weapon Shop.
105959 | Depths:3 | Found an opulent altar of Gozag.
105962 | Depths:3 | Found Gozag's Antique Armour Shop.
105979 | Depths:3 | Found Gozag's Antique Armour Boutique.
106390 | Depths:3 | Found a bloodstained altar of Trog.
106582 | Depths:3 | Got a fine bronze ring
106583 | Depths:3 | Identified the ring "Qaidout" {MR+ Int+4 SInv} (You found
                  | it on level 3 of the Depths)
106733 | Depths:3 | Found a gateway to a ziggurat.
106733 | Depths:3 | Found a one-way gate leading to the halls of Pandemonium.
106828 | Depths:3 | Noticed Mennas
108040 | Depths:4 | Paralysed by a hornet for 1 turns
108365 | Depths:4 | Reached XP level 24. HP: 148/148 MP: 49/49
108551 | Depths:4 | Received a gift from Okawaru
108591 | Depths:4 | Gained mutation: Your body sometimes deteriorates upon
                  | taking damage. [mutagenic glow]
109364 | Depths:4 | Identified the +2 leather armour of the Good {rPois Int-2
                  | SInv Stlth+}
109755 | Depths:4 | Reached skill level 19 in Dodging
110239 | Depths:4 | Paralysed by a hornet for 2 turns
110258 | Depths:4 | Reached skill level 20 in Translocations
110268 | Depths:4 | Received a gift from Okawaru
110268 | Depths:4 | Reached skill level 15 in Fighting
110510 | Depths:4 | Found a one-way gate to the infinite horrors of the Abyss.
111417 | Slime:1  | Entered Level 1 of the Pits of Slime
112242 | Slime:2  | Noticed Dissolution
112258 | Slime:1  | Killed Dissolution
113625 | Slime:5  | Entered Level 5 of the Pits of Slime
114261 | Slime:5  | Noticed the Royal Jelly
114284 | Slime:5  | Killed the Royal Jelly
114284 | Slime:5  | Received a gift from Okawaru
114807 | Slime:3  | Gained mutation: Armour fits poorly on your strangely
                  | shaped body. [a shining eye]
114808 | Slime:3  | Received a gift from Okawaru
114809 | Slime:3  | Got a pair of brightly glowing gloves {god gift}
114820 | Slime:3  | Identified the +1 pair of gloves of the Swamp {*Corrode
                  | rPois Dex+8} (Okawaru gifted it to you on level 3 of the
                  | Pits of Slime)
115653 | Slime:4  | Reached skill level 12 in Armour
116061 | Slime:4  | Reached skill level 20 in Dodging
116664 | Slime:5  | Reached skill level 16 in Fighting
117840 | Slime:4  | Reached XP level 25. HP: 140/157 MP: 31/49
118645 | Slime:5  | Got a translucent lapis lazuli ring
118647 | Slime:5  | Identified the ring of Muckoyn {rPois rN+} (You found it on
                  | level 5 of the Pits of Slime)
118674 | Slime:5  | Found the +6 Majin-Bo {vamp, Archmagi MP+6 Int+6}
118687 | Slime:5  | Got a bound golden ring
118689 | Slime:5  | Identified the ring "Qyxyre" {rN+ MP+9 Int+4} (You found it
                  | on level 5 of the Pits of Slime)
118726 | Slime:5  | Got a slimy rune of Zot
119574 | Vaults:5 | Entered Level 5 of the Vaults
119607 | Vaults:4 | Reached skill level 9 in Charms
119856 | Vaults:5 | Reached skill level 10 in Charms
120117 | Vaults:5 | Reached skill level 11 in Charms
120275 | Vaults:5 | Reached skill level 12 in Charms
120289 | Vaults:5 | Reached skill level 21 in Translocations
120815 | Vaults:5 | Received a gift from Okawaru
121335 | Vaults:5 | Reached skill level 12 in Invocations
121451 | Vaults:5 | Received a gift from Okawaru
121988 | Vaults:5 | Identified the +5 shortbow "Gelloc" {freeze, rElec Int+4
                  | Stlth-}
122375 | Vaults:5 | Reached skill level 13 in Armour
122408 | Vaults:5 | Reached skill level 13 in Charms
122440 | Vaults:5 | Identified the +10 morningstar of the Nexus {flame, *Slow
                  | Str+7}
122562 | Vaults:5 | Reached skill level 21 in Dodging
122727 | Vaults:5 | Reached XP level 26. HP: 139/165 MP: 46/49
122827 | Vaults:5 | Identified the ring "Unkumnaoh" {rF+ Stlth-}
122971 | Vaults:5 | Reached skill level 17 in Fighting
123238 | Vaults:5 | Reached skill level 14 in Charms
123467 | Vaults:5 | Gained mutation: Your magical capacity is low. (-10% MP)
                  | [mutagenic glow]
123493 | Vaults:5 | Reached skill level 15 in Charms
123717 | Vaults:5 | Identified the ring of Zaomiraq {rC+ rN+ MR+ Dex+4}
124044 | Vaults:5 | Reached skill level 16 in Charms
124893 | Vaults:5 | Got a silver rune of Zot
125288 | Depths:5 | Entered Level 5 of the Depths
125298 | Depths:5 | Noticed a juggernaut
125315 | Depths:5 | Killed a juggernaut
125315 | Depths:5 | Reached skill level 17 in Charms
125323 | Depths:5 | Received a gift from Okawaru
125345 | Depths:5 | Found Dompy's Demolitions Depot.
125358 | Depths:5 | Bought a wand of clouds (4) for 312 gold pieces
125358 | Depths:5 | Bought a wand of acid (4) for 208 gold pieces
125358 | Depths:5 | Bought a wand of clouds (4) for 312 gold pieces
125771 | Vaults:4 | Bought the +3 dagger of Jesuyfyn {pierce, -Tele rC+ MR+}
                  | for 512 gold pieces
125771 | Vaults:4 | Bought a potion of cancellation for 128 gold pieces
125771 | Vaults:4 | Bought a potion of resistance for 160 gold pieces
125888 | Vaults:3 | Bought the ring of Hunimaar {+Fly rElec AC+1 Str+2 Stlth-}
                  | for 262 gold pieces
126684 | Depths:5 | Found a runed translucent gate.
126684 | Depths:5 | Found a runed translucent gate.
126684 | Depths:5 | Found a runed translucent gate.
126686 | Depths:5 | Noticed Iduilic's ghost (veteran MiFi)
127159 | Depths:5 | Found a blossoming altar of Fedhas.
127311 | Depths:5 | Noticed a juggernaut
127338 | Depths:5 | Killed a juggernaut
127780 | Elf:1    | Bought a potion of mutation for 152 gold pieces
127926 | Elf:2    | Bought a potion of mutation for 152 gold pieces
127926 | Elf:2    | Bought a potion of mutation for 152 gold pieces
127926 | Elf:2    | Bought a potion of mutation for 152 gold pieces
127926 | Elf:2    | Bought a potion of agility for 76 gold pieces
127974 | Elf:3    | Lost mutation: Armour fits poorly on your strangely shaped
                  | body. [potion of mutation]
127974 | Elf:3    | Lost mutation: Your body sometimes deteriorates upon taking
                  | damage. [potion of mutation]
127974 | Elf:3    | Lost mutation: Your magical capacity is low. (-10% MP)
                  | [potion of mutation]
127974 | Elf:3    | Gained mutation: You possess an exceptional clarity of
                  | mind. [potion of mutation]
127974 | Elf:3    | Gained mutation: You have a pair of small antennae on your
                  | head. [potion of mutation]
127975 | Elf:3    | Gained mutation: Your flesh is heat resistant. (rF+)
                  | [potion of mutation]
127975 | Elf:3    | Gained mutation: You are partially covered in iridescent
                  | scales. (AC +2) [potion of mutation]
128424 | Depths:5 | Received a gift from Okawaru
128597 | Depths:5 | Noticed Louise
128877 | Depths:5 | Killed Louise
129676 | Depths:5 | Found a gate to the Realm of Zot.
129752 | Depths:5 | Reached skill level 10 in Evocations
130525 | Zot:1    | Entered Level 1 of the Realm of Zot
131533 | Zot:1    | Received a gift from Okawaru
131777 | Zot:1    | Learned a level 1 spell: Apportation
132044 | Zot:2    | Received a gift from Okawaru
133866 | Zot:4    | Received a gift from Okawaru
134243 | Zot:4    | Received a gift from Okawaru
134257 | Zot:4    | Reached skill level 21 in Spellcasting
134269 | Zot:4    | Reached skill level 11 in Evocations
134785 | Zot:4    | Reached XP level 27. HP: 126/172 MP: 28/50
135253 | Zot:4    | Reached skill level 14 in Armour
135423 | Zot:5    | Entered Level 5 of the Realm of Zot
135507 | Zot:5    | Reached skill level 22 in Dodging
135857 | Zot:5    | Received a gift from Okawaru
135869 | Zot:5    | Received a gift from Okawaru
136339 | Zot:5    | Reached skill level 18 in Fighting
136945 | Zot:5    | Noticed an ancient lich
136961 | Zot:5    | Killed an ancient lich
137150 | Zot:5    | Noticed an ancient lich
137456 | Zot:5    | Killed an ancient lich
138409 | Zot:5    | Reached skill level 22 in Translocations
138694 | Zot:5    | Noticed an orb of fire
138723 | Zot:5    | Received a gift from Okawaru
138745 | Zot:5    | Gained mutation: You are frail. (-10% HP) [an orb of fire]
138748 | Zot:5    | Gained mutation: You do not regenerate when monsters are
                  | visible. [an orb of fire]
138751 | Zot:5    | Gained mutation: You are very frail. (-20% HP) [an orb of
                  | fire]
138756 | Zot:5    | Killed an orb of fire
138761 | Zot:5    | Noticed an orb of fire
138771 | Zot:5    | Gained mutation: Your magical capacity is low. (-10% MP)
                  | [an orb of fire]
138792 | Zot:5    | Killed an orb of fire
138970 | Zot:5    | Noticed an ancient lich
138992 | Zot:5    | Killed an ancient lich
139015 | Zot:5    | Received a gift from Okawaru
139015 | Zot:5    | Reached skill level 23 in Translocations
139070 | Zot:5    | Identified the +9 chain mail of the Planets {-Tele Int+8
                  | Dex-3} (Okawaru gifted it to you on level 5 of the Realm of
                  | Zot)
139666 | Zot:5    | Lost mutation: Your magical capacity is low. (-10% MP)
                  | [potion of mutation]
139666 | Zot:5    | Lost mutation: You are very frail. (-20% HP) [potion of
                  | mutation]
139666 | Zot:5    | Lost mutation: You have a pair of small antennae on your
                  | head. [potion of mutation]
139666 | Zot:5    | Gained mutation: Armour fits poorly on your strangely
                  | shaped body. [potion of mutation]
139666 | Zot:5    | Gained mutation: You have a beak for a mouth. [potion of
                  | mutation]
139666 | Zot:5    | Gained mutation: Your spells are a little harder to cast,
                  | but a little more powerful. [potion of mutation]
139667 | Zot:5    | Lost mutation: You do not regenerate when monsters are
                  | visible. [potion of mutation]
139667 | Zot:5    | Lost mutation: Your flesh is heat resistant. (rF+) [potion
                  | of mutation]
139667 | Zot:5    | Lost mutation: You are frail. (-10% HP) [potion of
                  | mutation]
139667 | Zot:5    | Gained mutation: Your system is resistant to poisons.
                  | (rPois) [potion of mutation]
139667 | Zot:5    | Gained mutation: You have sharp toenails. [potion of
                  | mutation]
139667 | Zot:5    | Gained mutation: Your mind is acute. (Int +2) [potion of
                  | mutation]
141424 | Zot:5    | Reached skill level 24 in Translocations
141532 | Zot:5    | Got the Orb of Zot
141684 | Zot:2    | Noticed Fucleudd the pandemonium lord
141838 | Depths:4 | Gained mutation: You are occasionally teleported next to
                  | monsters. [a cacodemon]
142211 | D:5      | Noticed Ocufupn the pandemonium lord
142292 | D:2      | Noticed Pucuast the pandemonium lord
142356 | D:$      | Escaped with the Orb!

Levels and vault maps discovered:
D:1:      tarquinn_simple_flora_water_f, layout_basic, minmay_misc_feat_square
D:2:      layout_loops_corners, first_ration,
          nicolae_dithmenos_through_a_glass_darkly
D:3:      layout_loops_ring
D:4:      layout_cave_pods, wad_floor_pattern_untrapped, uniq_natasha
D:5:      layout_loops_ring
D:6:      layout_basic, uniq_sigmund
D:7:      layout_basic, minmay_temple_entry_statues, grunt_livestock,
          uniq_prince_ribbit1
D:8:      layout_cave_pods, fedhas_altar_1, serial_shops,
          nicolae_shop_overgrown_old_shop, uniq_maurice
D:9:      layout_loops_ring, grunt_lair_entry_orc_guard_hut, orc_0_dummy,
          uniq_grum
D:10:     layout_loops_ring, minmay_strange_pillars, jiyva_altar_1
D:11:     layout_basic, serial_shops, shop_statue, onia_ninara_cookie
D:12:     layout_loops_cross, serial_shops, nicolae_shop_crystal, shop,
          kennysheep_generic_room_3, uniq_sonja
D:13:     layout_roguey, gammafunk_ghost_split, serial_glass, glass_columns_a,
          glass_columns_a, fungi_pond_lemuel
D:14:     layout_long_grid, lightli_vaults_fourway_checkpoint,
          minmay_misc_feat_more_columns, roderic_lattice_a
D:15:     hangedman_depths_entry_try_elsewhere_first, layout_stronghold
Temple:   dpeg_three_leaves_temple
Lair:1:   statuecave_lemuel, layout_chaotic_city,
          chequers_serial_rivers_small_a, pond, lemuel_fruit_tree,
          grunt_megastairs_2
Lair:2:   layout_cave_pods, portal_ice_cave_entry_pillars_2, serial_bayou_lake_a
Lair:3:   layout_cave_shapes, gauntlet_entry_generic, special_room
          [special_room_bee], grunt_megastairs_3
Lair:4:   layout_regular_city, minmay_swamp_entry_worms,
          minmay_snake_entry_guardpost_medium
Lair:5:   layout_long_grid, dpeg_slime_entry_enclosed_altar,
          nicolae_volcano_entry_two_sided, nicolae_quartered_pool_medium,
          minmay_lair_oklob_chamber
Lair:6:   evilmike_catoblepas_cave, layout_regular_city, lemuel_fruit_fields
Swamp:1:  layout_basic_swamp, evilmike_swamp_ruin_house_1, uniq_donald
Swamp:2:  layout_basic_swamp, evilmike_swamp_ruin_rubble_1, swamp_pool2,
          st_swamp_ruins_2, infiniplex_staircase_pool, uniq_kirke
Swamp:3:  layout_falls_marsh, evilmike_swamp_ruin_house_5
Swamp:4:  swamp_old_school, layout_basic_swamp,
          gammafunk_ghost_berserking_beasts
Snake:1:  layout_gridlike, nrook_guardian_serpent_double
Snake:2:  layout_onion
Snake:3:  layout_onion_interference, serial_shops, shop, shop, shop, shop,
          gammafunk_ghost_arena
Snake:4:  snake_pit, layout_rooms, special_room, serial_shops, shop, drop_trap,
          st_stairs_5, grunt_megastairs_5, serial_bayou_shore_b
Slime:1:  layout_caves
Slime:2:  layout_caves, dissolution_awaits
Slime:3:  cheibrodos_slime_lost_civilization_10, layout_caves
Slime:4:  layout_caves
Slime:5
Orc:1:    layout_caves, serial_shops, kennysheep_orc_chapel
Orc:2:    st_orc_mages, layout_diamond_mine, bloody_makhleb
Elf:1:    elf_arrival_001, layout_gridlike, serial_shops, nicolae_shop_trees,
          nicolae_shop_overgrown_old_shop, nicolae_shop_stone, shop_fountains,
          shop, hangedman_corner_corridor, minmay_shoptagon, uniq_jorgrun,
          uniq_frances
Elf:2:    layout_onion_city, serial_shops, nicolae_shop_behind_doors,
          shop_fountains, nicolae_shop_window_shopping,
          nicolae_shop_behind_doors, shop_scrolls, nicolae_trove_entry_diagonal,
          basic_altar
Elf:3:    elf_hall, layout_geoelf_octagon
Vaults:1: vaults_room_ringed_pool, ontoclasm_vaults_gateway,
          nicolae_vaults_stairing_the_circle, nicolae_vaults_what_the_h,
          vaults_room_door_ring, vaults_room_stairs_pillars,
          vaults_mumra_hexcomb, vaults_standard_mumra_x, v_misc_1,
          ontoclasm_vaults_ring_small, nicolae_vaults_network_square,
          ontoclasm_vaults_claustrophobia, st_check, v_misc_24,
          layout_vaults_maze_snakey
Vaults:2: vaults_room_large_hall, grunt_vaults_diagonal,
          minmay_crypt_entry_simple_box, vaults_standard_mumra_lines,
          vaults_dpeg_diagonal, ontoclasm_vaults_twist, v_rooms_4,
          ontoclasm_vaults_decontamination, grunt_vaults_funnel,
          layout_vaults_omnigrid, uniq_boris
Vaults:3: ontoclasm_vaults_spin, hangedman_vaults_pinch, v_rooms_6,
          hangedman_vaults_snaps, st_smaller_cells,
          nicolae_vaults_little_squares_5, v_misc_18,
          nicolae_vaults_little_squares_4, nicolae_vaults_shelves_hall,
          nicolae_vaults_little_squares_2, layout_vaults_chaotic_city,
          serial_shops, shop
Vaults:4: v_misc_4, nicolae_vaults_little_squares_6, nicolae_vaults_quadrants,
          vaults_dpeg_ring, grunt_vaults_focal, hangedman_vaults_hat,
          vaults_room_pool, vaults_room_grid, nicolae_vaults_ninety_degrees,
          layout_vaults_omnicross, serial_shops, nicolae_shop_trees, shop, shop,
          shop, shop
Vaults:5
Crypt:1:  layout_gridlike, grunt_ministairs_6, grunt_crypt_arrival_webbed
Crypt:2:  layout_rooms, uniq_sojobo, uniq_margery, uniq_jory
Crypt:3:  evilmike_haunted_forest
Depths:1: lemuel_minitomb, layout_long_grid, minmay_tree_intersection,
          lightli_too_deep, serial_glass, glass_columns_a, glass_columns_a,
          due_unseen_surprise, feat_on_display, serial_bayou_lagoon_b
Depths:2: grunt_x_marks_the_spot, layout_gridville, hell_entry, abandoned_shop,
          drop_trap
Depths:3: kennysheep_gozag_temple, layout_long_grid, enter_ziggurat_a,
          pan_entry, hell_entry, nicolae_ashenzari_panopticon,
          hangedman_abyss_entry_splay, evilmike_spriggan_trog_shrine,
          uniq_mennas
Depths:4: kennysheep_four_of_diamonds, layout_cave_pools,
          chequers_serial_rivers_micro_e, abyss_entry_crystal, pan_entry,
          hell_entry
Depths:5: evilmike_zot_entry_basic, layout_twisted_cross, basic_altar,
          hell_entry, nicolae_abyss_entry_one_way_or_another,
          gammafunk_ghost_ooze, nicolae_blasting_shop
Zot:1:    layout_concentric_octagons
Zot:2:    layout_onion_interference, st_stairs_7, st_small_dragon_hoard_2
Zot:3:    layout_misc_corridors
Zot:4:    layout_basic
Zot:5:    layout_cathedral_of_symmetry

Skill      XL: |  1  2  3  4  5  6  7  8  9 10 11 12 13 14 15 16 17 18 19 20 21 22 23 24 25 26 27 |
---------------+----------------------------------------------------------------------------------+-----
Fighting       | 1 2 3 4 5 7 8 9 10 12 13 14 16 17 18 | 18.0
Spellcasting   | 2 3 4 5 7 11 12 14 15 16 17 19 20 21 | 21.0
Bows           | 3 4 5 6 7 8 9 10 11 13 15 16 | 16.0
Hexes          | 5 7 8 9 11 12 14 15 16 | 16.0
Dodging        | 3 4 6 8 9 10 12 13 15 16 17 18 20 21 22 | 22.0
Armour         | 2 5 7 8 9 10 11 12 13 14 | 14.0
Evocations     | 4 5 7 9 11 | 11.0
Invocations    | 5 7 8 9 10 11 12 | 12.0
Stealth        | 5 9 10 | 10.0
Short Blades   | 4 |  4.1
Summonings     | 4 |  4.0
Translocations | 4 8 13 17 19 20 21 24 | 24.5
Ice Magic      | 4 |  4.0
Transmutations | 4 |  4.0
Charms         | 5 8 13 17 | 17.0
Necromancy     | 4 5 |  5.0

Action                   |  1- 3 |  4- 6 |  7- 9 | 10-12 | 13-15 | 16-18 | 19-21 | 22-24 | 25-27 || total
-------------------------+-------+-------+-------+-------+-------+-------+-------+-------+-------++-------
Melee: Unarmed           |    35 |       |       |       |       |       |       |       |       ||    35
       Club              |    55 |       |       |       |       |       |       |       |       ||    55
       Spear             |    56 |   150 |   199 |   341 |   337 |   116 |       |       |       ||  1199
       Dagger            |       |       |    84 |   143 |    28 |   167 |   126 |   165 |    20 ||   733
       Quarterstaff      |       |       |    55 |    39 |       |       |       |       |       ||    94
       Punch             |       |       |     1 |     1 |       |       |       |       |       ||     2
 Fire: Shortbow          |    30 |    71 |   262 |   235 |       |       |       |       |       ||   598
       Longbow           |       |       |       |   148 |  1217 |  1732 |  2282 |  2975 |  2686 || 11040
 Cast: Corona            |    57 |    56 |   121 |   162 |    23 |     3 |       |       |       ||   422
       Slow              |    20 |    36 |    84 |    98 |    38 |       |       |       |       ||   276
       Cause Fear        |       |     1 |    14 |     2 |    21 |    13 |    13 |     3 |       ||    67
       Inner Flame       |       |       |     1 |       |     6 |     1 |     2 |       |       ||    10
       Blink             |       |       |       |     3 |    46 |    12 |    12 |     4 |       ||    77
       Confuse           |       |       |       |       |    97 |    79 |    70 |    44 |    11 ||   301
       Call Imp          |       |       |       |       |     5 |       |       |       |       ||     5
       Portal Projectile |       |       |       |       |     8 |    25 |    36 |    27 |    15 ||   111
       Metabolic Englaci |       |       |       |       |     2 |    76 |     3 |     1 |       ||    82
       Yara's Violent Un |       |       |       |       |       |    10 |     7 |    18 |     9 ||    44
       Leda's Liquefacti |       |       |       |       |       |     2 |     2 |       |       ||     4
       Regeneration      |       |       |       |       |       |       |     5 |    14 |    40 ||    59
       Song of Slaying   |       |       |       |       |       |       |    13 |    10 |     6 ||    29
       Dispersal         |       |       |       |       |       |       |     8 |    71 |    18 ||    97
       Disjunction       |       |       |       |       |       |       |       |    14 |    22 ||    36
       Controlled Blink  |       |       |       |       |       |       |       |    34 |    52 ||    86
       Apportation       |       |       |       |       |       |       |       |       |     2 ||     2
Invok: Heroism           |       |       |     3 |    17 |    27 |    31 |    30 |    62 |    49 ||   219
       Finesse           |       |       |       |       |     3 |     4 |     5 |     6 |     4 ||    22
 Abil: Evoke Invisibilit |       |       |     6 |    18 |    13 |    19 |    20 |    17 |    27 ||   120
Evoke: Wand              |       |       |     4 |    15 |     4 |     7 |     6 |    16 |    10 ||    62
       Lamp of fire      |       |       |       |       |       |       |     6 |     5 |       ||    11
  Use: Scroll            |     4 |     4 |     3 |    22 |    12 |     7 |     9 |    22 |    16 ||    99
       Potion            |     1 |       |       |       |     3 |     1 |     3 |     6 |    18 ||    32
 Stab: Fleeing           |       |       |     1 |       |       |       |       |       |       ||     1
       Paralysed         |       |       |    11 |     2 |       |       |       |       |       ||    13
       Invisible         |       |       |    10 |    20 |     1 |     9 |     2 |       |       ||    42
       Sleeping          |       |       |       |     3 |     5 |     3 |       |       |       ||    11
       Distracted        |       |       |       |     1 |     1 |       |       |       |       ||     2
       Confused          |       |       |       |       |    17 |    26 |    17 |     3 |       ||    63
  Eat: Chunk             |     9 |     2 |    21 |    26 |    47 |    28 |    52 |    37 |    26 ||   248
       Ration            |       |     4 |     6 |     7 |     6 |    14 |     7 |    26 |    26 ||    96
Armor: Robe              |    48 |    21 |    11 |       |       |       |       |       |       ||    80
       Ring mail         |       |       |    75 |    83 |   176 |   278 |   368 |   452 |   131 ||  1563
       Leather armour    |       |       |       |    37 |    24 |       |       |       |       ||    61
       Scale mail        |       |       |       |     3 |       |       |       |       |       ||     3
       Quicksilver drago |       |       |       |       |       |       |       |       |   199 ||   199
Dodge: Dodged            |   136 |   105 |   276 |   357 |   496 |   756 |  1062 |  1248 |  1041 ||  5477
Block: Reflection        |       |       |       |       |       |       |       |       |     2 ||     2

Table legend:
 A = Non-vault XP
 B = Vault XP
 C = Vault XP percentage of total XP
 D = Non-vault monster count
 E = Vault monster count
 F = Vault count percentage of total count
                 A         B        C        D         E       F
            +---------+---------+-------+---------+---------+-------
      Total |  886431 |  787099 |  47.0 |    1555 |     794 |  33.8
            +---------+---------+-------+---------+---------+-------
        D:1 |      39 |       0 |   0.0 |      22 |       0 |   0.0
        D:2 |      67 |       0 |   0.0 |      19 |       0 |   0.0
        D:3 |      94 |       0 |   0.0 |      18 |       0 |   0.0
        D:4 |     403 |      35 |   8.0 |      10 |       1 |   9.1
        D:5 |     643 |       0 |   0.0 |      18 |       0 |   0.0
        D:6 |     440 |     223 |  33.6 |      14 |       1 |   6.7
        D:7 |     512 |     962 |  65.3 |       8 |       5 |  38.5
        D:8 |    1474 |     433 |  22.7 |      25 |       1 |   3.8
        D:9 |    2332 |    1136 |  32.8 |      27 |       9 |  25.0
       D:10 |    2538 |     392 |  13.4 |      27 |       4 |  12.9
       D:11 |    3018 |    3308 |  52.3 |      31 |      17 |  35.4
       D:12 |    7437 |    1066 |  12.5 |      29 |       2 |   6.5
       D:13 |    9013 |    5268 |  36.9 |      27 |       7 |  20.6
       D:14 |   14629 |    7647 |  34.3 |      40 |      15 |  27.3
       D:15 |   19518 |    3329 |  14.6 |      29 |       4 |  12.1
     Lair:1 |    3195 |     478 |  13.0 |      13 |       4 |  23.5
     Lair:2 |    1216 |     292 |  19.4 |       7 |       1 |  12.5
     Lair:3 |    5692 |    1499 |  20.8 |      18 |      17 |  48.6
     Lair:4 |    1460 |    1366 |  48.3 |       6 |       8 |  57.1
     Lair:5 |    7750 |    3706 |  32.3 |      19 |      10 |  34.5
     Lair:6 |   10042 |   12168 |  54.8 |      31 |      23 |  42.6
    Swamp:1 |   14033 |    2941 |  17.3 |      29 |       2 |   6.5
    Swamp:2 |    9670 |    7018 |  42.1 |      23 |      13 |  36.1
    Swamp:3 |    6701 |       0 |   0.0 |      13 |       0 |   0.0
    Swamp:4 |   13938 |   20576 |  59.6 |      26 |      24 |  48.0
    Snake:1 |   23119 |     920 |   3.8 |      43 |       2 |   4.4
    Snake:2 |   16258 |       0 |   0.0 |      32 |       0 |   0.0
    Snake:3 |   18324 |       0 |   0.0 |      34 |       0 |   0.0
    Snake:4 |   14928 |   30615 |  67.2 |      26 |      47 |  64.4
    Slime:1 |    7692 |   13154 |  63.1 |      15 |       1 |   6.2
    Slime:2 |    7435 |       0 |   0.0 |      10 |       0 |   0.0
    Slime:3 |   10785 |       0 |   0.0 |      23 |       0 |   0.0
    Slime:4 |   17271 |    1976 |  10.3 |      30 |       1 |   3.2
    Slime:5 |   19886 |   33849 |  63.0 |      19 |      12 |  38.7
      Orc:1 |    2348 |    1576 |  40.2 |      13 |      10 |  43.5
      Orc:2 |    5880 |    5507 |  48.4 |      42 |      41 |  49.4
      Elf:1 |   28738 |   11523 |  28.6 |      51 |      13 |  20.3
      Elf:2 |   15441 |   26277 |  63.0 |      26 |      31 |  54.4
      Elf:3 |   15972 |   49270 |  75.5 |      29 |      33 |  53.2
   Vaults:1 |   36844 |   28477 |  43.6 |      60 |      34 |  36.2
   Vaults:2 |   24300 |   12780 |  34.5 |      54 |      15 |  21.7
   Vaults:3 |   35984 |   25017 |  41.0 |      54 |      34 |  38.6
   Vaults:4 |   20613 |   30052 |  59.3 |      43 |      26 |  37.7
   Vaults:5 |   41472 |  141634 |  77.4 |      49 |      94 |  65.7
    Crypt:1 |   29392 |   12651 |  30.1 |      36 |      13 |  26.5
    Crypt:2 |   13859 |    8725 |  38.6 |      18 |       6 |  25.0
    Crypt:3 |       0 |   68375 | 100.0 |       0 |     104 | 100.0
   Depths:1 |   43257 |   14636 |  25.3 |      51 |      21 |  29.2
   Depths:2 |   32861 |   33902 |  50.8 |      40 |      21 |  34.4
   Depths:3 |   20632 |    6963 |  25.2 |      23 |      10 |  30.3
   Depths:4 |   55695 |   28102 |  33.5 |      69 |      15 |  17.9
   Depths:5 |   51513 |   14982 |  22.5 |      38 |      10 |  20.8
      Zot:1 |   10669 |       0 |   0.0 |       8 |       0 |   0.0
      Zot:2 |   20565 |       0 |   0.0 |      15 |       0 |   0.0
      Zot:3 |   13030 |       0 |   0.0 |      11 |       0 |   0.0
      Zot:4 |   49764 |       0 |   0.0 |      34 |       0 |   0.0
      Zot:5 |   46050 |  112178 |  70.9 |      30 |      31 |  50.8
      IceCv |       0 |     115 | 100.0 |       0 |       1 | 100.0
            +---------+---------+-------+---------+---------+-------

Levels and vault maps discovered:
D:1:      tarquinn_simple_flora_water_f, layout_basic, minmay_misc_feat_square
D:2:      layout_loops_corners, first_ration,
          nicolae_dithmenos_through_a_glass_darkly
D:3:      layout_loops_ring
D:4:      layout_cave_pods, wad_floor_pattern_untrapped, uniq_natasha
D:5:      layout_loops_ring
D:6:      layout_basic, uniq_sigmund
D:7:      layout_basic, minmay_temple_entry_statues, grunt_livestock,
          uniq_prince_ribbit1
D:8:      layout_cave_pods, fedhas_altar_1, serial_shops,
          nicolae_shop_overgrown_old_shop, uniq_maurice
D:9:      layout_loops_ring, grunt_lair_entry_orc_guard_hut, orc_0_dummy,
          uniq_grum
D:10:     layout_loops_ring, minmay_strange_pillars, jiyva_altar_1
D:11:     layout_basic, serial_shops, shop_statue, onia_ninara_cookie
D:12:     layout_loops_cross, serial_shops, nicolae_shop_crystal, shop,
          kennysheep_generic_room_3, uniq_sonja
D:13:     layout_roguey, gammafunk_ghost_split, serial_glass, glass_columns_a,
          glass_columns_a, fungi_pond_lemuel
D:14:     layout_long_grid, lightli_vaults_fourway_checkpoint,
          minmay_misc_feat_more_columns, roderic_lattice_a
D:15:     hangedman_depths_entry_try_elsewhere_first, layout_stronghold
Temple:   dpeg_three_leaves_temple
Lair:1:   statuecave_lemuel, layout_chaotic_city,
          chequers_serial_rivers_small_a, pond, lemuel_fruit_tree,
          grunt_megastairs_2
Lair:2:   layout_cave_pods, portal_ice_cave_entry_pillars_2, serial_bayou_lake_a
Lair:3:   layout_cave_shapes, gauntlet_entry_generic, special_room
          [special_room_bee], grunt_megastairs_3
Lair:4:   layout_regular_city, minmay_swamp_entry_worms,
          minmay_snake_entry_guardpost_medium
Lair:5:   layout_long_grid, dpeg_slime_entry_enclosed_altar,
          nicolae_volcano_entry_two_sided, nicolae_quartered_pool_medium,
          minmay_lair_oklob_chamber
Lair:6:   evilmike_catoblepas_cave, layout_regular_city, lemuel_fruit_fields
Swamp:1:  layout_basic_swamp, evilmike_swamp_ruin_house_1, uniq_donald
Swamp:2:  layout_basic_swamp, evilmike_swamp_ruin_rubble_1, swamp_pool2,
          st_swamp_ruins_2, infiniplex_staircase_pool, uniq_kirke
Swamp:3:  layout_falls_marsh, evilmike_swamp_ruin_house_5
Swamp:4:  swamp_old_school, layout_basic_swamp,
          gammafunk_ghost_berserking_beasts
Snake:1:  layout_gridlike, nrook_guardian_serpent_double
Snake:2:  layout_onion
Snake:3:  layout_onion_interference, serial_shops, shop, shop, shop, shop,
          gammafunk_ghost_arena
Snake:4:  snake_pit, layout_rooms, special_room, serial_shops, shop, drop_trap,
          st_stairs_5, grunt_megastairs_5, serial_bayou_shore_b
Slime:1:  layout_caves
Slime:2:  layout_caves, dissolution_awaits
Slime:3:  cheibrodos_slime_lost_civilization_10, layout_caves
Slime:4:  layout_caves
Slime:5
Orc:1:    layout_caves, serial_shops, kennysheep_orc_chapel
Orc:2:    st_orc_mages, layout_diamond_mine, bloody_makhleb
Elf:1:    elf_arrival_001, layout_gridlike, serial_shops, nicolae_shop_trees,
          nicolae_shop_overgrown_old_shop, nicolae_shop_stone, shop_fountains,
          shop, hangedman_corner_corridor, minmay_shoptagon, uniq_jorgrun,
          uniq_frances
Elf:2:    layout_onion_city, serial_shops, nicolae_shop_behind_doors,
          shop_fountains, nicolae_shop_window_shopping,
          nicolae_shop_behind_doors, shop_scrolls, nicolae_trove_entry_diagonal,
          basic_altar
Elf:3:    elf_hall, layout_geoelf_octagon
Vaults:1: vaults_room_ringed_pool, ontoclasm_vaults_gateway,
          nicolae_vaults_stairing_the_circle, nicolae_vaults_what_the_h,
          vaults_room_door_ring, vaults_room_stairs_pillars,
          vaults_mumra_hexcomb, vaults_standard_mumra_x, v_misc_1,
          ontoclasm_vaults_ring_small, nicolae_vaults_network_square,
          ontoclasm_vaults_claustrophobia, st_check, v_misc_24,
          layout_vaults_maze_snakey
Vaults:2: vaults_room_large_hall, grunt_vaults_diagonal,
          minmay_crypt_entry_simple_box, vaults_standard_mumra_lines,
          vaults_dpeg_diagonal, ontoclasm_vaults_twist, v_rooms_4,
          ontoclasm_vaults_decontamination, grunt_vaults_funnel,
          layout_vaults_omnigrid, uniq_boris
Vaults:3: ontoclasm_vaults_spin, hangedman_vaults_pinch, v_rooms_6,
          hangedman_vaults_snaps, st_smaller_cells,
          nicolae_vaults_little_squares_5, v_misc_18,
          nicolae_vaults_little_squares_4, nicolae_vaults_shelves_hall,
          nicolae_vaults_little_squares_2, layout_vaults_chaotic_city,
          serial_shops, shop
Vaults:4: v_misc_4, nicolae_vaults_little_squares_6, nicolae_vaults_quadrants,
          vaults_dpeg_ring, grunt_vaults_focal, hangedman_vaults_hat,
          vaults_room_pool, vaults_room_grid, nicolae_vaults_ninety_degrees,
          layout_vaults_omnicross, serial_shops, nicolae_shop_trees, shop, shop,
          shop, shop
Vaults:5
Crypt:1:  layout_gridlike, grunt_ministairs_6, grunt_crypt_arrival_webbed
Crypt:2:  layout_rooms, uniq_sojobo, uniq_margery, uniq_jory
Crypt:3:  evilmike_haunted_forest
Depths:1: lemuel_minitomb, layout_long_grid, minmay_tree_intersection,
          lightli_too_deep, serial_glass, glass_columns_a, glass_columns_a,
          due_unseen_surprise, feat_on_display, serial_bayou_lagoon_b
Depths:2: grunt_x_marks_the_spot, layout_gridville, hell_entry, abandoned_shop,
          drop_trap
Depths:3: kennysheep_gozag_temple, layout_long_grid, enter_ziggurat_a,
          pan_entry, hell_entry, nicolae_ashenzari_panopticon,
          hangedman_abyss_entry_splay, evilmike_spriggan_trog_shrine,
          uniq_mennas
Depths:4: kennysheep_four_of_diamonds, layout_cave_pools,
          chequers_serial_rivers_micro_e, abyss_entry_crystal, pan_entry,
          hell_entry
Depths:5: evilmike_zot_entry_basic, layout_twisted_cross, basic_altar,
          hell_entry, nicolae_abyss_entry_one_way_or_another,
          gammafunk_ghost_ooze, nicolae_blasting_shop
Zot:1:    layout_concentric_octagons
Zot:2:    layout_onion_interference, st_stairs_7, st_small_dragon_hoard_2
Zot:3:    layout_misc_corridors
Zot:4:    layout_basic
Zot:5:    layout_cathedral_of_symmetry

Table legend:
 A = Turns spent in this place as a percentage of turns spent in the entire game.
 B = Non-inter-level travel turns spent in this place as a percentage of non-inter-level travel turns spent in the entire game.
 C = Inter-level travel turns spent in this place as a percentage of turns spent in this place.
 D = Turns resting spent in this place as a percentage of non-inter-level travel turns spent in this place.
 E = Turns spent auto-exploring this place as a percentage of non-inter-level travel turns spent in this place.
 F = Non-inter-level travel turns spent in this place divided by the number of levels of this place that you've seen.
                   A       B       C       D       E      F
               +-------+-------+-------+-------+-------+----------------------
         Total | 100.0 | 100.0 |   9.0 |  31.7 |  40.2 | 2160.2
       Dungeon |  22.4 |  21.5 |  12.6 |  19.9 |  52.2 | 1861.6
        Temple |   0.1 |   0.1 |   0.0 |   0.0 |  70.0 |  90.0
          Lair |  11.0 |  10.2 |  15.4 |  30.8 |  39.1 | 2210.3
         Swamp |   4.7 |   4.8 |   6.8 |  26.1 |  45.1 | 1563.0
     Snake Pit |   5.7 |   5.8 |   7.7 |  31.4 |  41.2 | 1875.8
    Slime Pits |   5.2 |   5.7 |   1.1 |  52.2 |  24.1 | 1467.4
  Orcish Mines |   2.5 |   2.2 |  18.6 |  26.6 |  41.5 | 1443.0
   Elven Halls |   7.3 |   7.1 |  11.8 |  32.7 |  35.6 | 3049.3
        Vaults |  14.5 |  14.8 |   7.1 |  25.6 |  50.0 | 3832.2
         Crypt |   7.1 |   7.5 |   3.3 |  33.1 |  42.0 | 3250.7
        Depths |  11.9 |  12.0 |   8.6 |  35.9 |  37.0 | 3110.6
           Zot |   7.5 |   8.2 |   0.1 |  58.1 |   6.4 | 2130.2
         Trove |   0.0 |   0.0 |   0.0 |   0.0 |   0.0 |  53.0
      Ice Cave |   0.0 |   0.0 |   0.0 |   0.0 |   0.0 |  38.0
               +-------+-------+-------+-------+-------+----------------------

Table legend:
 A = Kills in this place as a percentage of kills in entire the game.
 B = Kills by you in this place as a percentage of kills by you in the entire game.
 C = Kills by friends in this place as a percentage of kills by friends in the entire game.
 D = Other kills in this place as a percentage of other kills in the entire game.
 E = Experience gained in this place as a percentage of experience gained in the entire game.
 F = Experience gained in this place divided by the number of levels of this place that you have seen.
                   A       B       C       D       E      F
               +-------+-------+-------+-------+-------+----------------------
         Total | 100.0 | 100.0 | 100.0 | 100.0 | 100.0 | 28318.3
       Dungeon |  17.7 |  17.7 |  33.3 |  14.7 |   5.6 | 6326.1
          Lair |   6.6 |   6.7 |   0.0 |   0.0 |   2.9 | 8144.0
         Swamp |   5.5 |   5.5 |   0.0 |   2.9 |   4.4 | 18719.2
     Snake Pit |   7.8 |   7.9 |   0.0 |   2.9 |   6.1 | 26041.0
    Slime Pits |   4.7 |   4.8 |   0.0 |   0.0 |   6.6 | 22409.6
  Orcish Mines |   4.5 |   4.2 |   0.0 |  23.5 |   0.9 | 7655.5
   Elven Halls |   7.7 |   7.7 |   0.0 |   8.8 |   8.7 | 49073.7
        Vaults |  19.6 |  19.6 |   0.0 |  20.6 |  23.4 | 79434.6
         Crypt |   7.5 |   7.6 |   0.0 |   0.0 |   7.8 | 44334.0
        Depths |  13.0 |  13.0 |   0.0 |  14.7 |  18.8 | 63835.8
           Zot |   5.4 |   5.3 |  66.7 |  11.8 |  14.8 | 50451.2
      Ice Cave |   0.0 |   0.0 |   0.0 |   0.0 |   0.0 | 115.0
               +-------+-------+-------+-------+-------+----------------------
